 Dungeon Crawl Stone Soup version 0.17.1-1-g73c8601 (webtiles) character file.

10636909 Runnr the Gargoyle Barricade (level 27, 199/199 HPs)
             Began as a Gargoyle Fighter on Jan 7, 2016.
             Was the Champion of the Shining One.
             Escaped with the Orb
             ... and 15 runes on Jan 8, 2016!
             The game lasted 13:31:19 (160907 turns).

Runnr the Gargoyle Barricade (Gargoyle Fighter)   Turns: 160907, Time: 13:31:19

Health: 199/199    AC: 62    Str: 30    XL:     27
Magic:  50/50      EV: 27    Int: 16    God:    the Shining One [******]
Gold:   16344      SH: 28    Dex: 18    Spells: 15 memorised, 6 levels left

rFire  + + +     SeeInvis .     T - +9 eveningstar (holy)
rCold  + + +     Clarity  .     W - +10 plate armour {MR+}
rNeg   + + +     SustAt   .     e - +0 large shield of Liberty {rF++ rCorr Str+4}
rPois  ∞         Gourm    .     (no helmet)
rElec  +         Spirit   .     Y - +0 cloak of the Cuttlefish {*Drain +Inv rC++ Str+4}
rCorr  +         Warding  .     p - -1 pair of gloves of Compression {MR+}
rMut   +         Rnd*Tele +     S - +2 pair of boots {run}
MR     +++++                    w - amulet of Siattitu {rMut Int+3}
Stlth  ..........               r - ring of No Interval {MR+ MP+9}
                                N - ring of Xoureo Harro {rF+ rC+ Int+2}

@: flying, contaminated, hasted (expiring), glowing, repel missiles, very quick,
almost entirely resistant to hostile enchantments, extremely unstealthy
A: big wings, slimy green scales 1, deterioration 1, low mp 1, negative energy
resistance 1, electricity resistance, teleportitis 1, unbreathing, petrification
resistance, rot immunity, AC +20
a: Stop Flying, Divine Shield, Cleansing Flame, Summon Divine Warrior, Renounce
Religion, Evoke Invisibility
0: Orb of Zot
}: 15/15 runes: decaying, slimy, silver, golden, iron, obsidian, icy, bone,
abyssal, demonic, glowing, magical, fiery, dark, gossamer


You escaped.
You worshipped the Shining One.
The Shining One was exalted by your worship.
You were not hungry.

You visited 18 branches of the dungeon, and saw 95 of its levels.
You visited Pandemonium 4 times, and saw 68 of its levels.
You visited the Abyss 8 times.
You visited 3 ziggurats, and saw 32 of their levels (deepest: 12).
You also visited: Labyrinth, Ossuary, Bailey, Ice Cave and Wizlab.

You collected 20746 gold pieces.
You spent 4038 gold pieces at shops.
You donated 104 gold pieces to Zin.

Inventory:

Hand Weapons
 T - a +9 eveningstar of holy wrath (weapon)
Armour
 e - the +0 large shield of Liberty (worn) {rF++ rCorr Str+4}
   (You acquired it on level 3 of the Elven Halls)

   It affects your strength (+4).
   It greatly protects you from fire.
   It protects you from acid and corrosion.
 l - the +9 plate armour of Kyic {Dex+7}
   (You found it on level 7 of Gehenna)

   It affects your dexterity (+7).
 p - the -1 pair of gloves of Compression (worn) {MR+}
   (You acquired it in Pandemonium)

   It affects your resistance to hostile enchantments.
 S - a +2 pair of boots of running (worn)
 W - a +10 plate armour of magic resistance (worn)
 Y - the +0 cloak of the Cuttlefish (worn) {*Drain +Inv rC++ Str+4}
   (You found it in a wizard's laboratory)

   It affects your strength (+4).
   It greatly protects you from cold.
   It lets you turn invisible.
   It causes draining when unequipped.
Jewellery
 a - the amulet of Dior {Clar rF+ rN++ MR+}
   (You took it off a skeletal warrior on level 7 of Cocytus)

   [amulet of clarity]

   It provides mental clarity.
   It protects you from fire.
   It greatly protects you from negative energy.
   It affects your resistance to hostile enchantments.
 r - the ring of No Interval (right hand) {MR+ MP+9}
   (You found it on level 7 of a ziggurat)

   [ring of magical power]

   It affects your resistance to hostile enchantments.
   It affects your magic capacity (+9).
 w - the amulet of Siattitu (around neck) {rMut Int+3}
   (You found it on level 11 of a ziggurat)

   [amulet of resist mutation]

   It protects you from mutation.
   It affects your intelligence (+3).
 N - the ring of Xoureo Harro (left hand) {rF+ rC+ Int+2}
   (You took it off a deep elf sorcerer on level 3 of the Elven Halls)

   [ring of protection from cold]

   It affects your intelligence (+2).
   It protects you from fire.
   It protects you from cold.
Wands
 h - a wand of teleportation (4)
 q - a wand of hasting (7)
 V - a wand of heal wounds (9)
Scrolls
 d - 22 scrolls of fog
 j - 12 scrolls of magic mapping
 k - 29 scrolls of enchant weapon
 m - 22 scrolls of enchant armour
 n - 20 scrolls of amnesia
 o - 67 scrolls of remove curse
 t - 8 scrolls of holy word
 v - 15 scrolls of identify
 y - 5 scrolls of summoning
 I - 2 scrolls of silence
 J - a scroll of brand weapon
 L - 14 scrolls of fear
 M - 17 scrolls of recharging
 Q - 39 scrolls of teleportation
 Z - 10 scrolls of blinking
Potions
 c - a potion of cure mutation
 f - 17 potions of magic
 i - 15 potions of cancellation
 B - 13 potions of heal wounds
 D - 13 potions of brilliance
 F - 9 potions of berserk rage
 G - 12 potions of might
 K - 12 potions of haste
 O - 51 potions of curing
 R - 12 potions of agility
Miscellaneous
 b - a plain deck of defence {the Helm, drawn: 4}
 s - a plain deck of changes {Wild Magic, drawn: 1}
 u - an ornate deck of changes {the Blade, drawn: 9}
 x - a disc of storms
 z - an ornate deck of summoning {the Elements}
 A - a fan of gales
 P - a phial of floods
 U - an ornate deck of changes {the Elixir, drawn: 2}
 X - an ornate deck of wonders {Dowsing}
Comestibles
 C - 4 fruits
 E - 56 bread rations
 H - 68 meat rations


   Skills:
 O Level 27 Fighting
   Level 4.5(17.8) Axes
 O Level 27 Maces & Flails
 O Level 27 Armour
 O Level 27 Dodging
 O Level 27 Shields
 - Level 18.9 Spellcasting
 - Level 18.5 Charms
 - Level 26.0 Translocations
 - Level 4.4 Air Magic
 O Level 27 Invocations
 + Level 26.9 Evocations


You had 6 spell levels left.
You knew the following spells:

 Your Spells              Type           Power        Failure   Level  Hunger
a - Apportation           Tloc           #######...   0%          1    None
b - Blink                 Tloc           N/A          0%          2    None
c - Teleport Other        Tloc           #######.     0%          3    None
d - Controlled Blink      Tloc           N/A          3%          8    #######
e - Haste                 Chrm           ######..     1%          6    #####..
f - Deflect Missiles      Chrm/Air       ######....   14%         6    #####..
g - Song of Slaying       Chrm           ######..     0%          2    None
h - Shroud of Golubria    Chrm/Tloc      ######....   0%          2    None
i - Regeneration          Chrm/Necr      #####.....   1%          3    None
j - Spectral Weapon       Hex/Chrm       #####...     1%          3    None
k - Repel Missiles        Chrm/Air       ######       1%          2    None
l - Disjunction           Tloc           #######...   3%          8    #######
m - Passage of Golubria   Tloc           N/A          0%          4    None
n - Phase Shift           Tloc           #######...   0%          5    ###....
s - Swiftness             Chrm/Air       ######..     1%          2    None


Dungeon Overview and Level Annotations

Branches:
Dungeon (15/15)            Temple (1/1) D:5            Lair (8/8) D:11
  Swamp (4/4) Lair:3       Spider (4/4) Lair:6        Slime (6/6) Lair:6
    Orc (4/4) D:12            Elf (3/3) Orc:3        Vaults (5/5) D:14
  Crypt (3/3) Vaults:2       Tomb (3/3) Crypt:3      Depths (5/5) D:15
   Hell (1/1)                 Dis (7/7) Hell            Geh (7/7) Hell
    Coc (7/7) Hell            Tar (7/7) Hell            Zot (5/5) Depths:5

Altars:
Cheibriados
Dithmenos
Elyvilon
Fedhas
Kikubaaqudgha
Makhleb
Nemelex Xobeh
Okawaru
Ru
Sif Muna
Trog
Vehumet
Xom
Yredelemnul
Zin
The Shining One
Beogh
Jiyva
Lugonu

Shops:
D:4 (   D:9 ([   Orc:1 %[!   Orc:4 **![(}   Elf:3 ?   Vaults:3 !   Vaults:4 %
Depths:3 *

Portals:
Hell: Depths:1 Depths:2 Depths:3 Depths:4 Depths:5
Abyss: Depths:3 Depths:4 Depths:5
Pandemonium: Orc:4 Depths:3 Depths:5

Annotations:
D:6 exclusion: statue
Elf:3 exclusion: Roxanne, Roxanne
Depths:5 2 runed doors


Innate Abilities, Weirdness & Mutations

You are resistant to torment.
Your stone body is resilient (AC +20).
You are immune to poison.
Your large and strong wings let you fly indefinitely.
You resist negative energy.
You are resistant to electric shocks.
You can survive without breathing.
You are immune to petrification.
You are immune to rotting.
You are partially covered in slimy green scales (AC +2).
Your body sometimes deteriorates upon taking damage.
Your magical capacity is low (-10% MP).
You are occasionally teleported next to monsters.


Message History

Your body shudders with the violent release of wild energies!
The magical storm engulfs you!
The acid burns!
You resist.
The magical storm engulfs the bat.
The bat dies!
You feel less energetic.
Hitun opens the door.
Hitun gestures.
The dungeon shakes, a horrible noise fills the air, and a portal to some otherworldly place is opened!
A giant gecko comes into view.
You hammer the giant gecko like a gong!!!!
You kill the giant gecko!
You see here a giant gecko corpse.
A sixfirhy comes into view.
Your extra speed is starting to run out.
You block the sixfirhy's attack. You block the sixfirhy's attack. x2
There is a staircase leading out of the dungeon here.
You can't go down here!
You block the sixfirhy's attack. x2
You have escaped!

+#.§§&.....................# #.
.#......#.####+#####+#.....# #.
(#.#..#..............).....# #.
.#.#....#.#................## #.
.#.#....#.+.................# #.
.#.'....#.#...........#.....# ##
.###...####...........#.....##
..................#####).....#
..........&†...4@.# ##.....>####
.........#####+#..# #........(.#
.........'#...##..# #..........#
.##......#.###.#..####..........#
.##......#.#>'.#................#
.........#.###.#................#
.........##...##................#
.........#######................#
................................#


You could see Hitun and a sixfirhy.

Vanquished Creatures
  Cerebov (Pan)
  Antaeus (Coc:7)
  Asmodeus (Geh:7)
  the royal jelly (Slime:6)
  Ereshkigal (Tar:7)
  Ignacio (Pan)
  Gloorx Vloq (Pan)
  the Serpent of Hell (Dis:7)
  Mnoleg (Pan)
  Lom Lobon (Pan)
  Dispater (Dis:7)
  Tiamat (Zot:3)
  3 orbs of fire (Zot:5)
  Mennas (Pan)
  11 ancient liches
  36 greater mummies
  Boris (Depths:3)
  3 shard shrikes
  Margery (Crypt:1)
  8 Killer Klowns
  2 caustic shrikes (Zig:8)
  Geryon (Hell)
  Nikola (Depths:1)
  10 golden dragons
  A profane servitor (Abyss:1)
  Jory (Vaults:5)
  the Enchantress (Depths:1)
  Xtahua (Vaults:3)
  A pearl dragon (Pan)
  Arachne (Spider:4)
  13 bone dragons
  3 electric golems
  44 Brimstone Fiends
  Jorgrun (Swamp:3)
  A hellephant (Zig:8)
  51 pandemonium lords
  23 tentacled monstrosities
  33 Hell Sentinels
  18 liches
  41 Ice Fiends
  32 Shadow Fiends
  27 Orb Guardians
  A deep elf master archer (Elf:3)
  4 deep elf blademasters
  10 eldritch tentacles
  63 Executioners
  17 tentacled starspawn
  31 acid blobs
  3 quicksilver dragons
  7 titans
  8 sphinxes
  2 octopode crushers
  6 ancient champions
  50 warmongers (Pan)
  Agnes (Vaults:1)
  15 shadow dragons
  6 death cobs
  Kirke (D:12)
  A shadow dragon (shapeshifter) (Zig:10)
  A thorn hunter (Zig:4)
  11 draconian monks
  5 revenants
  12 storm dragons
  10 tengu reavers
  7 daevas (Pan)
  12 azure jellies
  A greater naga (Zig:5)
  50 chaos champions
  24 frost giants
  8 draconian knights
  7 ghost moths
  3 orc warlords (Zig:9)
  8 draconian zealots
  9 deep elf sorcerers
  10 draconian scorchers
  16 fire giants
  16 vault wardens
  7 iron dragons
  7 curse skulls
  92 balrugs
  11 draconian shifters
  11 emperor scorpions
  64 cacodemons
  8 ghouls
  8 angels (Pan)
  18 very ugly things
  4 spriggan defenders
  130 reapers
  13 war gargoyles
  4 draconian callers
  31 stone giants
  8 draconian annihilators
  37 blood saints (Pan)
  17 ironheart preservers
  11 apis (Pan)
  4 elemental wellsprings
  16 salamander firebrands
  21 green draconians
  The ghost of subsebi the Fighter, a journeyman DsCK of Xom (D:15)
  9 vampire knights
  12 deep elf demonologists
  6 ophanim (Pan)
  43 corrupters (Pan)
  15 black draconians
  17 purple draconians
  2 salamander stormcallers
  4 bennus (Tomb:3)
  Azrael (D:15)
  25 lorocyprocas
  16 red draconians
  A dire elephant (D:15)
  9 deep elf annihilators
  11 mottled draconians
  11 white draconians
  25 yellow draconians
  44 black suns
  13 ettins
  73 green deaths
  6 eidola
  6 death oozes
  64 blizzard demons
  15 deep elf death magi
  A merfolk javelineer (Depths:2)
  18 fire dragons
  5 quicksilver dragon zombies
  20 mummy priests
  36 vault guards
  6 deep elf high priests
  Josephine (Swamp:1)
  9 entropy weavers
  14 great orbs of eyes
  20 yaktaur captains
  13 jiangshi
  3 kraken zombies
  2 quicksilver dragon skeletons
  13 ogre magi
  14 hydras
  A ghost crab (shapeshifter) (Vaults:5)
  11 rakshasas
  28 ice dragons
  2 hydras (shapeshifter)
  19 hell beasts
  2 naga warriors
  62 monstrous demonspawn (Pan)
  7 spriggan air magi
  A catoblepas (D:13)
  10 centaur warriors
  3 death knights
  Erica (D:8)
  An anaconda (Zig:5)
  An alligator (shapeshifter) (Elf:3)
  15 dancing weapons
  6 deep troll earth magi
  4 ghost crabs (Swamp:4)
  4 death yaks (Lair:7)
  6 deep troll shamans
  7 tengu warriors
  12 alligators
  A queen ant (Lair:6)
  8 titan zombies
  14 vampire magi
  19 hell hogs
  3 shock serpents
  A naga sharpshooter (Zig:3)
  4 orc high priests
  A spriggan berserker (Depths:4)
  An iron golem (Geh:6)
  200 sun demons
  22 death scarabs
  12 titan skeletons
  21 deep elf knights
  51 small abominations
  11 storm dragon zombies
  163 soul eaters
  13 wretched stars
  19 thrashing horrors
  A fire crab (Vaults:1)
  81 hell knights
  5 salamander mystics
  8 spatial maelstroms
  84 skeletal warriors
  6 iron trolls
  8 giant orange brains
  25 deep trolls
  14 anaconda zombies
  5 cherubim (Pan)
  5 golden dragon zombies
  A sea snake (shapeshifter) (Zig:10)
  11 wizards
  21 shadow wraiths
  3 spriggan druids
  10 storm dragon skeletons
  62 gelid demonspawn (Pan)
  3 unseen horrors
  8 anaconda skeletons
  153 ice devils
  3 death drakes
  9 deep elf summoners
  60 shadow demons
  3 shambling mangroves
  4 harpies (Vaults:5)
  17 anubis guards
  62 infernal demonspawn
  57 putrid demonspawn (Pan)
  30 necromancers
  2 spectral hydras (Swamp:4)
  A tengu zombie (Vaults:4)
  An obsidian statue (WizLab)
  2 orange crystal statues (Depths:1)
  4 swamp dragons
  2 shadow dragon zombies (Crypt:3)
  6 wolf spider zombies
  5 golden dragon skeletons
  Pikel (D:7)
  18 orc knights
  13 phantasmal warriors
  19 flayed ghosts
  7 hill giants
  18 orb spiders
  14 deep elf conjurers
  3 moths of wrath (shapeshifter)
  23 ironbrand convokers
  52 moths of wrath
  7 iron dragon zombies
  70 torturous demonspawn
  5 cyclopes
  5 griffons
  A kraken simulacrum (Coc:3)
  14 shining eyes
  11 frost giant zombies
  15 salamanders
  81 sixfirhies
  8 hornets
  5 shadow dragon skeletons
  7 apocalypse crabs
  7 orc sorcerers
  A shining eye (shapeshifter) (Vaults:4)
  22 black mambas
  54 ugly things
  9 oklob plants
  9 stone giant zombies
  13 eyes of devastation
  2 octopodes (shapeshifter)
  33 wolf spiders
  3 tengu skeletons
  8 fire giant zombies
  6 iron dragon skeletons
  3 naga magi
  A manticore (D:12)
  12 fire giant skeletons
  Maurice (Orc:2)
  2 shock serpent zombies
  7 human skeletons
  42 rust devils
  173 smoke demons
  6 worldbinders
  6 frost giant skeletons
  4 stone giant skeletons
  Joseph (D:7)
  2 salamanders (shapeshifter)
  A storm dragon simulacrum (Depths:4)
  8 ice statues
  9 gargoyles
  81 orange demons
  11 dire elephant zombies
  5 spectral swamp worms (Tar:7)
  10 molten gargoyles
  Psyche (D:8)
  3 centaur skeletons
  10 elephants
  3 guardian serpents
  11 dire elephant skeletons
  3 torpor snails
  A catoblepas zombie (Geh:7)
  A yellow draconian zombie (Crypt:1)
  19 spiny frogs
  21 vault sentinels
  2 shock serpent skeletons
  65 tormentors
  2 yaktaur zombies
  64 hellwings
  A yaktaur (shapeshifter) (Depths:4)
  13 ancient zymes
  An emperor scorpion zombie (Geh:4)
  6 kobold demonologists
  74 hellions
  3 swamp worm zombies (Swamp:4)
  16 komodo dragons
  8 fire drakes
  2 anaconda simulacra
  71 demonic crawlers
  50 blue devils
  117 red devils
  4 tengu conjurers
  44 guardian mummies
  48 yaktaurs
  2 silent spectres
  42 freezing wraiths
  12 trolls
  10 efreet
  23 deep elf priests
  2 catoblepas skeletons
  2 polar bears (shapeshifter)
  11 harpy zombies
  A golden dragon simulacrum (Zig:9)
  24 jumping spiders
  A polar bear (Lair:7)
  2 merfolk (shapeshifter)
  A minotaur skeleton (Lab)
  A stone giant simulacrum (Depths:1)
  19 two-headed ogres
  8 giant leeches
  24 hydra zombies
  A trapdoor spider zombie (D:7)
  8 bog bodies
  25 ushabtiu
  12 hydra skeletons
  3 ice dragon zombies
  28 blink frogs
  A boulder beetle (shapeshifter) (Vaults:4)
  A tarantella zombie (Crypt:1)
  7 harpy skeletons
  117 slime creatures
  A slime creature (shapeshifter) (Zig:2)
  11 alligator zombies
  5 fire dragon zombies
  9 ettin zombies
  5 boulder beetles
  25 raiju
  3 fire dragon skeletons
  36 tarantellas
  130 flying skulls
  A spectral swamp dragon (Swamp:4)
  38 shadows
  23 vampires
  A tarantella (shapeshifter) (Zig:5)
  A wyvern (shapeshifter) (Zig:10)
  2 alligator skeletons
  19 trapdoor spiders
  3 black mamba zombies
  81 redbacks
  20 water elementals
  145 ynoxinuls
  28 starcursed masses
  3 ettin skeletons
  14 spriggans
  7 ice dragon skeletons
  9 wyverns
  A spriggan skeleton (Depths:1)
  35 yaks
  7 black mamba skeletons
  91 chaos spawn
  30 fire elementals
  A yak (shapeshifter) (Vaults:5)
  9 fire bats
  A steam dragon (Lair:8)
  7 air elementals
  41 wraiths
  2 golden eyes (shapeshifter)
  5 humans (Depths:2)
  31 deep elf magi
  12 hippogriffs
  12 golden eyes
  42 vampire mosquitoes
  7 basilisks
  42 deep elf fighters
  4 wargs
  A hog (D:12)
  4 mottled dragons
  9 wolves
  143 neqoxecs
  A catoblepas simulacrum (Crypt:3)
  A putrid demonspawn zombie (Crypt:2)
  18 insubstantial wisps
  2 merfolk zombies
  A torturous demonspawn zombie (Crypt:1)
  10 hungry ghosts
  A monstrous demonspawn zombie (Crypt:2)
  21 swamp worms
  2 nagas
  15 soldier ants (Lair:6)
  19 water moccasins
  7 spatial vortices
  A soldier ant (shapeshifter) (Vaults:1)
  164 large abominations
  15 swamp drakes
  A gelid demonspawn skeleton (WizLab)
  A hydra simulacrum (Hell)
  14 spiny frog zombies
  Duvessa (D:7)
  98 hell hounds
  39 spiders
  62 orc warriors
  An alligator simulacrum (Hell)
  5 porcupines
  A hornet simulacrum (Vaults:1)
  18 wasps
  4 slaves
  12 centaurs
  3 sky beasts
  3 manticore zombies
  4 spiny frog skeletons
  A black bear (shapeshifter) (Elf:3)
  3 snapping turtle zombies
  2 ettin simulacra
  12 phantoms
  A tengu (shapeshifter) (Zig:12)
  25 ice beasts
  3 swamp dragon zombies
  An eye of draining (shapeshifter) (Depths:1)
  15 eyes of draining
  27 boggarts
  19 necrophages
  51 ogres
  6 snapping turtle skeletons
  3 orc skeletons
  A swamp dragon skeleton (Crypt:2)
  20 crocodiles
  5 big kobolds
  10 brain worms
  6 elf zombies
  A salamander zombie (Crypt:2)
  An elf skeleton (Crypt:3)
  3 wyvern zombies
  A cyclops zombie (Crypt:1)
  26 giant frogs
  An earth elemental (Abyss:3)
  Dowan (D:7)
  3 spiny frog simulacra
  10 killer bees
  2 scorpions (D:6)
  A boulder beetle zombie (Crypt:1)
  112 wights
  A human simulacrum (Vaults:2)
  A water moccasin skeleton (D:6)
  A troll skeleton (Dis:1)
  7 electric eels
  A yaktaur simulacrum (Vaults:1)
  8 centaur zombies
  69 jellies
  4 hounds
  30 crimson imps
  6 giant frog skeletons
  40 orc wizards
  7 human zombies
  44 orc priests
  27 iron imps
  A spectral swamp drake (Swamp:4)
  51 worker ants
  7 quasits
  Natasha (D:2)
  12 iguanas
  A hell rat (Lair:8)
  A lightning spire (Zig:9)
  A killer bee zombie (D:11)
  24 sheep
  A big kobold zombie (Crypt:2)
  2 ogre zombies
  A mottled dragon zombie (Crypt:1)
  A naga zombie (Dis:6)
  3 hound zombies
  A naga skeleton (Crypt:2)
  A hound skeleton (D:11)
  74 mummies
  2 gnolls (Bailey)
  A swamp drake zombie (Swamp:4)
  A worker ant zombie (D:5)
  An ogre simulacrum (Coc:7)
  56 river rats
  34 white imps
  13 adders
  17 shadow imps
  4 giant eyeballs (Pan)
  9 ufetubi
  4 oozes
  An adder skeleton (D:9)
  2 adder zombies
  3 worms
  11 giant geckos
  230 orcs
  2 ball pythons
  A bat skeleton (Crypt:2)
  8 hobgoblins
  20 jackals
  4 quokkas
  A river rat zombie (Crypt:2)
  13 bats
  5 giant cockroaches
  A giant gecko skeleton (D:6)
  6 giant newts
  4 gnoll zombies
  12 goblins
  A goblin zombie (Ossuary)
  3 hobgoblin zombies (Ossuary)
  A jackal skeleton (D:4)
  4 jackal zombies (Ossuary)
  21 kobolds
  A kobold zombie (Ossuary)
  2 orc zombies
  7 quokka zombies (Ossuary)
  11 rats
  4 rat zombies (Ossuary)
  8 crawling corpses
  5 fire vortices
  3 lurking horrors
  19 starspawn tentacles
  9 tentacles
8564 creatures vanquished.

Vanquished Creatures (collateral kills)
  Norris (Vaults:3)
  A bone dragon (Swamp:4)
  An acid blob (Slime:6)
  Asterion (Elf:2)
  A deep elf master archer (Elf:3)
  A sphinx (Vaults:1)
  An ancient champion (Vaults:1)
  Frances (Vaults:1)
  2 azure jellies (Slime:6)
  Wiglaf (Vaults:1)
  A deep elf sorcerer (Elf:3)
  Maud (Lair:7)
  A frost giant (Vaults:3)
  A balrug (Pan)
  A stone giant (Vaults:3)
  A lorocyproca (Pan)
  A blood saint (Pan)
  The ghost of Clownie the Cleaver, a journeyman FoFi of the Shining One (Lab)
  A minotaur (Lab)
  A death ooze (Slime:6)
  An ogre mage (Depths:3)
  A catoblepas (Lair:7)
  A centaur warrior (Depths:1)
  A soul eater (Pan)
  3 orc high priests (Orc:4)
  A hell knight (Vaults:1)
  A skeletal warrior (D:15)
  2 slime creatures
  A titan skeleton (Zig:11)
  A golden dragon zombie (Zig:11)
  An unseen horror (Vaults:1)
  A putrid demonspawn (Orc:4)
  A wolf spider (Spider:4)
  A hill giant (D:15)
  An orc knight (Orc:4)
  2 orc sorcerers (Orc:4)
  A moth of wrath (Spider:2)
  4 smoke demons
  2 ice statues (IceCv)
  A swamp worm zombie (Swamp:4)
  5 gargoyles (Lab)
  2 demonic crawlers (Spider:2)
  A freezing wraith (Vaults:1)
  A blue devil (Orc:4)
  A two-headed ogre (Vaults:3)
  A jumping spider (Spider:4)
  2 spectral swamp dragons (Swamp:4)
  An ushabti (Zig:11)
  A bog body (Swamp:4)
  An alligator zombie (Swamp:4)
  A flying skull (Zig:11)
  A wraith (D:15)
  A trapdoor spider (Spider:4)
  A tarantella (Spider:4)
  4 yaks (Lair:7)
  2 redbacks (Spider:4)
  2 hungry ghosts (Lab)
  A basilisk (D:15)
  A deep elf mage (Elf:3)
  2 neqoxecs
  A human zombie (Zig:11)
  A phantom (Swamp:4)
  2 swamp dragon zombies (Swamp:4)
  A giant frog (D:15)
  A giant frog zombie (D:12)
  3 orc priests
  A swamp drake zombie (Swamp:4)
  An orc (Orc:4)
  3 kobolds (D:15)
  4 plants (Lair:7)
99 creatures vanquished.

Vanquished Creatures (others)
  A pandemonium lord (Pan)
  A Brimstone Fiend (Dis:7)
  An Executioner (Pan)
  A storm dragon (Zot:4)
  3 eldritch tentacles
  A tentacled starspawn (Abyss:3)
  A shadow dragon (Vaults:5)
  2 tengu reavers (Vaults:5)
  A draconian monk (Zot:1)
  A daeva (Pan)
  2 revenants (Tomb:2)
  2 fire giants
  3 vault wardens (Vaults:5)
  A draconian zealot (Zot:1)
  A warmonger (Pan)
  A vampire knight (Depths:1)
  A salamander firebrand (Geh:7)
  An elemental wellspring (Coc:7)
  A stone giant (Vaults:5)
  A blood saint (Pan)
  A deep elf demonologist (Vaults:5)
  A deep elf annihilator (Elf:3)
  A red draconian (Zot:4)
  A blizzard demon (Pan)
  A vault guard (Vaults:5)
  2 rakshasas
  A storm dragon skeleton (Tomb:2)
  5 ball lightnings (Pan)
  An unseen horror (shapeshifter) (Zig:10)
  An anubis guard (shapeshifter) (Zig:6)
  2 fire giant zombies
  A stone giant zombie (Dis:2)
  2 moths of wrath
  A naga mage (Vaults:2)
  A sixfirhy (Pan)
  3 smoke demons (Pan)
  An orange demon (Pan)
  An ancient zyme (Abyss:3)
  A guardian mummy (Tomb:2)
  A deep elf priest (Vaults:4)
  A raiju (Abyss:3)
  A hydra skeleton (Hell)
  A jumping spider (Zig:10)
  A blink frog (Zig:8)
  A fire giant simulacrum (Depths:4)
  An air elemental (Depths:3)
  An ettin zombie (Tomb:3)
  A redback (Vaults:5)
  A large abomination (Abyss:3)
  2 shadows
  A vampire (Abyss:3)
  14 flying skulls
  A wraith (Geh:6)
  A ynoxinul (Pan)
  A human (D:12)
  2 deep elf fighters
  A spatial vortex (Abyss:3)
  4 insubstantial wisps (Swamp:4)
  2 small abominations
  A vampire mosquito (Vaults:1)
  An orc warrior (Vaults:1)
  2 neqoxecs (Pan)
  A spiny frog skeleton (Hell)
  2 hell hounds (Geh:7)
  A spider (Spider:3)
  2 boggarts
  A phantom (Swamp:4)
  2 necrophages
  A snapping turtle skeleton (Geh:7)
  A spiny frog simulacrum (Hell)
  3 wights
  A crimson imp (Geh:7)
  10 jellies
  A starcursed mass (Abyss:1)
  An iron imp (Dis:2)
  4 mummies (Tomb:2)
  An adder (D:8)
  2 white imps
  2 orcs
  A bat (D:1)
  A bush (Lair:8)
  3043 eldritch tentacle segments
  14 fungi
  7 lost souls
  2 lurking horrors
  51 plants
  2 spectral weapons
  36 starspawn tentacles
  179 starspawn tentacle segments
  12 tentacles
  1011 tentacle segments
4493 creatures vanquished.

Grand Total: 13156 creatures vanquished

Notes
Turn   | Place    | Note
--------------------------------------------------------------
     0 | D:1      | Runnr the Gargoyle Fighter began the quest for the Orb.
     0 | D:1      | Reached XP level 1. HP: 14/14 MP: 1/1
   178 | D:1      | Reached XP level 2. HP: 8/19 MP: 2/2
   390 | D:1      | Reached XP level 3. HP: 24/24 MP: 3/3
   764 | D:2      | Reached skill level 4 in Fighting
  1009 | D:2      | Noticed Natasha
  1020 | D:2      | Killed Natasha
  1020 | D:2      | Reached XP level 4. HP: 18/29 MP: 4/4
  1565 | D:3      | Found a white marble altar of Elyvilon.
  1753 | D:3      | Reached XP level 5. HP: 32/34 MP: 5/5
  2152 | D:3      | Found a bloodstained altar of Trog.
  2311 | D:3      | Found a blossoming altar of Fedhas.
  2458 | D:4      | Noticed an ogre
  2461 | D:4      | HP: 1/34 [iguana (6)]
  2472 | D:4      | Killed an ogre
  2472 | D:4      | Reached XP level 6. HP: 21/40 MP: 6/6
  2710 | D:4      | Found Inyrphag's Weapon Emporium.
  2820 | D:4      | Found a sand-covered staircase.
  2828 | Ossuary  | Entered an ossuary
  2891 | Ossuary  | Reached skill level 5 in Fighting
  2943 | Ossuary  | Reached skill level 5 in Armour
  3022 | Ossuary  | Reached skill level 5 in Shields
  3022 | Ossuary  | Reached XP level 7. HP: 31/44 MP: 7/7
  3143 | Ossuary  | Reached skill level 1 in Dodging
  3503 | D:4      | Found a deep blue altar of Sif Muna.
  4076 | D:5      | Entered Level 5 of the Dungeon
  4148 | D:5      | Reached XP level 8. HP: 49/51 MP: 8/8
  4438 | D:5      | Reached skill level 6 in Fighting
  4732 | D:5      | Found a staircase to the Ecumenical Temple.
  4775 | Temple   | Entered the Ecumenical Temple
  4803 | Temple   | Became a worshipper of Makhleb the Destroyer
  5009 | D:6      | Found a radiant altar of Vehumet.
  5083 | D:6      | Got a brightly glowing mace
  5087 | D:6      | Identified the +12 mace "Akaaxul" {vamp, rF++ MP+9 Int-4 Dex+3} (You found it on level 6 of the Dungeon)
  5223 | D:6      | Reached skill level 1 in Maces & Flails
  5401 | D:6      | Noticed a troll
  5407 | D:6      | Killed a troll
  5407 | D:6      | Reached XP level 9. HP: 54/56 MP: 9/9
  5942 | D:7      | Noticed Pikel
  6039 | D:7      | Reached * piety under Makhleb
  6043 | D:7      | Reached skill level 7 in Fighting
  6097 | D:7      | Killed Pikel
  6171 | D:7      | Noticed Joseph
  6189 | D:7      | Killed Joseph
  6223 | D:7      | Reached XP level 10. HP: 62/64 MP: 10/10
  6342 | D:7      | Noticed Duvessa
  6342 | D:7      | Noticed Dowan
  6352 | D:7      | Killed Duvessa
  6359 | D:7      | Killed Dowan
  6685 | D:8      | Reached skill level 8 in Armour
  6695 | D:8      | Reached ** piety under Makhleb
  6741 | D:8      | Noticed Psyche
  6748 | D:8      | Killed Psyche
  6964 | D:8      | Reached skill level 5 in Dodging
  7006 | D:8      | Found a sacrificial altar of Ru.
  7098 | D:8      | Noticed Erica
  7139 | D:8      | Killed Erica
  7193 | D:8      | Noticed a hill giant
  7356 | D:8      | Reached skill level 5 in Maces & Flails
  7357 | D:8      | Reached *** piety under Makhleb
  7708 | D:9      | Found a shimmering altar of Xom.
  7751 | D:9      | Found Orghuc's Antique Weapon Shop.
  7820 | D:9      | Reached skill level 9 in Fighting
  7838 | D:9      | Reached XP level 11. HP: 71/71 MP: 11/11
  7979 | D:9      | Reached **** piety under Makhleb
  8076 | D:9      | Got a slimy helmet
  8082 | D:9      | Identified the +0 helmet "Nuqut" {rC- rN+ Str-2 SInv} (You found it on level 9 of the Dungeon)
  8262 | D:9      | Found Tedaj's Armour Boutique.
  8309 | D:9      | Bought a +2 ring mail of fire resistance for 273 gold pieces
  8361 | D:10     | Entered Level 10 of the Dungeon
  8459 | D:10     | Identified Sif Muna's Incunabulum of Lucky Dislocation
  8561 | D:10     | Noticed a hill giant
  8578 | D:10     | Killed a hill giant
  8733 | D:10     | Found an iron altar of Okawaru.
  8862 | D:10     | Found a shimmering altar of Xom.
  9322 | D:10     | Noticed a hill giant
  9332 | D:10     | Killed a hill giant
  9389 | D:11     | Reached ***** piety under Makhleb
  9438 | D:11     | Reached skill level 10 in Fighting
  9443 | D:11     | Reached skill level 10 in Armour
  9525 | D:11     | Found a flagged portal.
  9530 | Bailey   | Entered a bailey
  9591 | Bailey   | Reached skill level 10 in Shields
  9594 | Bailey   | Reached XP level 12. HP: 77/77 MP: 12/12
 10163 | D:11     | Got a blackened buckler
 10174 | D:11     | Identified the +2 buckler "Xiel" {Int+6} (You took it off an orc on level 11 of the Dungeon)
 10492 | D:11     | Killed an unseen horror
 10758 | D:11     | Found a staircase to the Lair.
 10804 | Lair:1   | Entered Level 1 of the Lair of Beasts
 11105 | Lair:1   | Got a translucent ring mail
 11118 | Lair:1   | Identified the +5 ring mail "Libel" {rC- Dex+4} (You found it on level 1 of the Lair of Beasts)
 11445 | Lair:1   | Reached ****** piety under Makhleb
 11649 | Lair:2   | Noticed a five-headed hydra
 11659 | Lair:2   | Killed a five-headed hydra
 11679 | Lair:2   | Reached skill level 11 in Shields
 12330 | Lair:3   | Noticed a seven-headed hydra
 12347 | Lair:3   | Killed a seven-headed hydra
 12347 | Lair:3   | Reached XP level 13. HP: 84/84 MP: 14/14
 12390 | Lair:3   | Found a labyrinth entrance.
 12396 | Lair:3   | Found a staircase to the Swamp.
 12397 | Lair:3   | Noticed a four-headed hydra
 12400 | Lab      | Entered a labyrinth
 12835 | Lab      | Reached skill level 5 in Invocations
 13396 | Lab      | Noticed Clownie's ghost (journeyman FoFi)
 13454 | Lab      | Killed Clownie's ghost
 14274 | Lab      | Noticed a minotaur
 14289 | Lab      | Killed a minotaur
 14299 | Lab      | Got a transparent jade ring
 14305 | Lab      | Identified the ring "Jopirefe" {*Contam Str-5 Dex+9 SInv Stlth+} (You found it in a labyrinth)
 14317 | Lab      | Learned a level 2 spell: Blink
 14399 | Lair:3   | Killed a four-headed hydra
 14607 | Lair:3   | Noticed a four-headed hydra
 14617 | Lair:3   | Killed a four-headed hydra
 15390 | Lair:4   | Learned a level 1 spell: Apportation
 15394 | Lair:4   | Learned a level 3 spell: Teleport Other
 16310 | Lair:5   | Reached skill level 10 in Invocations
 17181 | Lair:6   | Gained mutation: Your large and strong wings let you fly indefinitely. [Gargoyle growth]
 17181 | Lair:6   | Reached XP level 14. HP: 90/90 MP: 22/22
 17234 | Lair:6   | Reached skill level 12 in Invocations
 17460 | Lair:6   | Found a runed door.
 17466 | Lair:6   | Found a viscous altar of Jiyva.
 17467 | Lair:6   | Found a staircase to the Slime Pits.
 17732 | Lair:6   | Found a hole to the Spider Nest.
 17869 | Lair:6   | Reached skill level 13 in Invocations
 18241 | Lair:7   | Found a frozen archway.
 18304 | Lair:7   | Noticed Maud
 18324 | Lair:7   | Killed Maud
 18337 | IceCv    | Entered an ice cave
 18782 | IceCv    | Identified the Tome of Quantum Evil Rituals
 19145 | Lair:7   | Reached skill level 14 in Invocations
 19842 | Lair:8   | Entered Level 8 of the Lair of Beasts
 20020 | Lair:8   | Reached skill level 15 in Invocations
 20590 | Lair:7   | Reached XP level 15. HP: 94/94 MP: 26/26
 21332 | Lair:8   | Reached skill level 10 in Maces & Flails
 21900 | D:12     | Noticed Kirke
 22909 | D:12     | Killed Kirke
 23051 | D:12     | Found a staircase to the Orcish Mines.
 23380 | Orc:1    | Entered Level 1 of the Orcish Mines
 23380 | Orc:1    | Found Zegirag's Food Shop.
 23637 | Orc:1    | Found Ixuodira's Antique Armour Boutique.
 23651 | Orc:1    | Found Larimp's Distillery.
 23652 | Orc:1    | Bought a glowing cloak for 94 gold pieces
 23823 | Orc:1    | Bought an encrusted chain mail for 199 gold pieces
 23837 | Orc:1    | Identified the +4 chain mail of Coronation {Int+4} (You bought it in a shop on level 1 of the Orcish Mines)
 23892 | Orc:1    | Bought a slimy plate armour for 588 gold pieces
 23902 | Orc:1    | Identified the +3 plate armour of the Lion {rElec rF+ Str+2} (You bought it in a shop on level 1 of the Orcish Mines)
 23926 | Orc:1    | Bought a potion of curing for 45 gold pieces
 23926 | Orc:1    | Bought a potion of agility for 60 gold pieces
 23926 | Orc:1    | Bought a potion of curing for 45 gold pieces
 23926 | Orc:1    | Bought a potion of berserk rage for 75 gold pieces
 23941 | Orc:2    | Noticed Maurice
 24023 | Orc:2    | Found a roughly hewn altar of Beogh.
 24083 | Orc:2    | Found a roughly hewn altar of Beogh.
 24297 | Orc:2    | Killed Maurice
 24843 | Orc:3    | Found a staircase to the Elven Halls.
 25075 | Orc:3    | You are sucked into a shaft!
 25075 | Orc:4    | Entered Level 4 of the Orcish Mines
 25108 | Orc:4    | Found Suffiunk's Antique Armour Emporium.
 25145 | Orc:4    | Bought a bronze ring mail for 207 gold pieces
 25155 | Orc:4    | Identified the cursed +0 ring mail of the Earth {+Blink} (You bought it in a shop on level 4 of the Orcish Mines)
 25225 | Orc:4    | Found Jatod's General Store.
 25383 | Orc:4    | Found Seduskea's General Store.
 25399 | Orc:4    | Bought a potion of heal wounds for 75 gold pieces
 25590 | Orc:4    | Found Ovvaxit's Distillery.
 25595 | Orc:4    | Found Lusar's Food Shop.
 25816 | Orc:4    | Bought a potion of resistance for 150 gold pieces
 25816 | Orc:4    | Bought a potion of heal wounds for 75 gold pieces
 26769 | Orc:4    | Found Tusais's Antique Weapon Emporium.
 26769 | Orc:4    | Found a one-way gate leading to the halls of Pandemonium.
 26769 | Orc:4    | Found Foelir's Gadget Shoppe.
 26875 | Orc:4    | Bought a scroll of identify for 30 gold pieces
 26916 | Orc:4    | Bought a glowing shield for 103 gold pieces
 27192 | Orc:4    | Found a deep blue altar of Sif Muna.
 27249 | Orc:4    | Identified Sif Muna's Incunabulum of Bewitchment (You found it on level 4 of the Orcish Mines)
 27336 | Orc:4    | Reached XP level 16. HP: 100/100 MP: 27/27
 29180 | D:14     | Found a gate to the Vaults.
 29211 | D:14     | Reached skill level 15 in Shields
 29562 | D:15     | Entered Level 15 of the Dungeon
 29845 | D:15     | Noticed subsebi's ghost (journeyman DsCK)
 29864 | D:15     | Killed subsebi's ghost
 30103 | D:15     | Learned a level 2 spell: Swiftness
 30296 | D:15     | Reached skill level 1 in Translocations
 30385 | D:15     | Found a blossoming altar of Fedhas.
 30474 | D:15     | Reached skill level 1 in Spellcasting
 30718 | D:15     | Found a staircase to the Depths.
 30861 | D:15     | Noticed Azrael
 30891 | D:15     | Killed Azrael
 31206 | Swamp:1  | Entered Level 1 of the Swamp
 31843 | Swamp:1  | Reached XP level 17. HP: 101/104 MP: 28/28
 32161 | Swamp:1  | Noticed Josephine
 32170 | Swamp:1  | Killed Josephine
 32815 | Swamp:2  | Found a glowing golden altar of the Shining One.
 33160 | Swamp:3  | Noticed Jorgrun
 33190 | Swamp:3  | Killed Jorgrun
 34100 | Swamp:4  | Entered Level 4 of the Swamp
 34730 | Swamp:4  | Noticed a bone dragon
 34763 | Swamp:4  | Killed a bone dragon
 34782 | Swamp:4  | Reached skill level 5 in Translocations
 34788 | Swamp:4  | Got a faintly glowing bronze ring
 34790 | Swamp:4  | Identified the ring of the Madman {rPois rF- rN+ Str+6 Slay+2} (You found it on level 4 of the Swamp)
 34806 | Swamp:4  | Got a decaying rune of Zot
 34888 | Swamp:4  | Reached skill level 5 in Spellcasting
 35712 | Vaults:1 | Entered Level 1 of the Vaults
 36374 | Vaults:1 | Reached XP level 18. HP: 113/113 MP: 29/29
 36453 | Vaults:1 | Noticed Wiglaf
 36490 | Vaults:1 | Killed Wiglaf
 38061 | Vaults:2 | Found a staircase to the Crypt.
 38061 | Vaults:2 | Found an ancient bone altar of Kikubaaqudgha.
 38061 | Vaults:2 | Found a basalt altar of Yredelemnul.
 38966 | Vaults:2 | Found a radiant altar of Vehumet.
 39300 | Vaults:3 | Identified a scroll of acquirement
 39379 | Vaults:3 | Noticed Xtahua
 39439 | Vaults:3 | Killed Xtahua
 39554 | Vaults:3 | Noticed Norris
 39662 | Vaults:3 | Killed Norris
 39662 | Vaults:3 | Reached XP level 19. HP: 120/120 MP: 30/30
 40131 | Vaults:3 | Reached skill level 16 in Shields
 40247 | Vaults:3 | Found Winigh's Distillery.
 40921 | Vaults:3 | Reached XP level 20. HP: 127/127 MP: 32/32
 41676 | Vaults:1 | Noticed Agnes
 41728 | Vaults:1 | Killed Agnes
 41750 | Vaults:1 | Noticed Frances
 41903 | Vaults:1 | Killed Frances
 42871 | Elf:1    | Entered Level 1 of the Elven Halls
 42920 | Elf:1    | Found an ancient bone altar of Kikubaaqudgha.
 43655 | Elf:1    | Identified the Papyrus of Stolen Souls (You found it on level 1 of the Elven Halls)
 43950 | Elf:2    | Noticed Asterion
 43991 | Elf:2    | Killed Asterion
 44158 | Elf:2    | Found a huge runed gate.
 44158 | Elf:2    | Found a huge runed gate.
 44158 | Elf:2    | Found a huge runed gate.
 44158 | Elf:2    | Found a huge runed gate.
 44159 | Elf:2    | Found a huge runed gate.
 44528 | Elf:2    | Reached XP level 21. HP: 132/132 MP: 34/34
 45105 | Elf:2    | Reached skill level 10 in Spellcasting
 45114 | Elf:3    | Entered Level 3 of the Elven Halls
 45163 | Elf:3    | Noticed Roxanne
 45185 | Elf:3    | Found Xics's Magic Scroll Shop.
 45188 | Elf:3    | Bought a scroll of identify for 34 gold pieces
 45188 | Elf:3    | Bought a scroll of identify for 34 gold pieces
 45370 | Elf:3    | Reached skill level 10 in Translocations
 45641 | Elf:3    | Reached skill level 15 in Fighting
 45836 | Elf:3    | Reached skill level 15 in Armour
 46037 | Elf:3    | Gained mutation: Your spells are a little easier to cast, but a little less powerful. [a neqoxec]
 46047 | Elf:2    | Reached skill level 17 in Shields
 47794 | Elf:3    | Identified Leis's Compendium of Snow (You found it on level 3 of the Elven Halls)
 47802 | Elf:3    | Learned a level 6 spell: Haste
 47809 | Elf:3    | Learned a level 6 spell: Deflect Missiles
 47843 | Elf:3    | Got a pair of twisted gloves
 47849 | Elf:3    | Identified the cursed +0 pair of gloves of Ruguy {+Inv MP+9 Str+2} (You found it on level 3 of the Elven Halls)
 47868 | Elf:3    | Identified the Papyrus of Intoxication
 47904 | Elf:3    | Got a fine iron amulet
 47906 | Elf:3    | Identified the amulet of Varamyek {Faith rPois rC- Int+11} (You found it on level 3 of the Elven Halls)
 48092 | Elf:3    | Got a faintly glowing ivory ring
 48096 | Elf:3    | Identified the ring of Xoureo Harro {rF+ rC+ Int+2} (You took it off a deep elf sorcerer on level 3 of the Elven Halls)
 48199 | Elf:3    | Got a brightly glowing battleaxe {freeze}
 48209 | Elf:3    | Got a bloodstained large shield
 48220 | Elf:3    | Identified the +0 large shield of Liberty {rF++ rCorr Str+4} (You acquired it on level 3 of the Elven Halls)
 48841 | Spider:1 | Entered Level 1 of the Spider Nest
 50544 | Spider:2 | Reached XP level 22. HP: 141/141 MP: 37/37
 51374 | Spider:4 | Entered Level 4 of the Spider Nest
 51483 | Spider:4 | Noticed Arachne
 51510 | Spider:4 | Killed Arachne
 52043 | Spider:4 | Reached skill level 18 in Shields
 52111 | Spider:4 | Got a gossamer rune of Zot
 52822 | Depths:1 | Entered Level 1 of the Depths
 53756 | Depths:1 | Found a gateway to Hell.
 53899 | Depths:1 | Found a runed door.
 54004 | Depths:1 | Found a runed door.
 54074 | Depths:1 | Reached XP level 23. HP: 149/149 MP: 38/38
 54255 | Depths:1 | Got a smoking plate armour
 54266 | Depths:1 | Identified the +4 plate armour "Daunwuyc" {Str+3 Dex-5 SInv} (You found it on level 1 of the Depths)
 54355 | Depths:2 | Noticed Nikola
 54359 | Depths:2 | Noticed the Enchantress
 54392 | Depths:1 | Killed Nikola
 54833 | Depths:1 | Reached skill level 10 in Dodging
 54950 | Depths:1 | Killed the Enchantress
 54974 | Depths:1 | Got a faerie dragon armour
 54996 | Depths:1 | Identified the +2 faerie dragon armour {*Confuse +Fly Int-4 Stlth+} (You took it off the Enchantress on level 1 of the Depths)
 55196 | Depths:2 | Reached skill level 19 in Shields
 55197 | Depths:2 | Found a gateway to a ziggurat.
 55586 | Depths:2 | Found a runed door.
 55604 | Depths:2 | Found a runed door.
 55836 | Depths:2 | Found a burning altar of Makhleb.
 56470 | Depths:3 | Found a magical portal.
 56689 | Depths:3 | Found a corrupted altar of Lugonu.
 56690 | Depths:3 | Found a one-way gate to the infinite horrors of the Abyss.
 56712 | Depths:3 | Found Milamura's General Store.
 56786 | Depths:3 | Reached XP level 24. HP: 157/157 MP: 38/38
 56795 | Depths:3 | Bought the +2 chain mail of the Hills {rN+ Dex+4 Slay+2} for 850 gold pieces
 56822 | Depths:3 | Noticed Boris
 56844 | Depths:3 | Killed Boris
 56932 | WizLab   | Entered The Roulette of Golubria
 56934 | WizLab   | Found a corrupted altar of Lugonu.
 57150 | WizLab   | Found a corrupted altar of Lugonu.
 57292 | WizLab   | Found a corrupted altar of Lugonu.
 57762 | WizLab   | Got a scorched cloak
 57773 | WizLab   | Identified the cursed +0 cloak "Hithridwaff" {Int+3} (You found it in a wizard's laboratory)
 57783 | WizLab   | Got a distressingly furry cloak
 57789 | WizLab   | Identified the cursed +0 cloak of the Cuttlefish {*Drain +Inv rC++ Str+4} (You found it in a wizard's laboratory)
 58235 | Depths:3 | Got a transparent steel ring
 58935 | Depths:4 | Identified the ring of Vucis {rElec Int+5 Slay-5 Stlth-} (You found it on level 3 of the Depths)
 59517 | Depths:4 | Reached skill level 20 in Shields
 59908 | Depths:5 | Entered Level 5 of the Depths
 60747 | Depths:5 | Reached XP level 25. HP: 165/165 MP: 38/38
 61047 | Depths:5 | Found a runed door.
 61047 | Depths:5 | Found a runed door.
 61047 | Depths:5 | Found a runed door.
 61103 | Depths:5 | Found a runed door.
 61107 | Depths:5 | Found a runed door.
 61107 | Depths:5 | Found a runed door.
 61403 | Depths:5 | Found a gate to the Realm of Zot.
 62394 | Vaults:4 | Found Mileso Nuoj's Food Boutique.
 62698 | Vaults:4 | Gained mutation: You are somewhat resistant to further mutation. [a shining eye]
 63213 | Vaults:5 | Entered Level 5 of the Vaults
 63255 | Vaults:5 | Cast into the Abyss (vault guard)
 63388 | Abyss:1  | Reached skill level 21 in Shields
 64765 | Abyss:1  | Reached XP level 26. HP: 174/174 MP: 38/38
 64812 | Abyss:1  | Noticed an ancient lich
 64921 | Abyss:1  | Found a corrupted altar of Lugonu.
 64963 | Abyss:1  | Found a corrupted altar of Lugonu.
 65060 | Abyss:1  | Found a radiant altar of Vehumet.
 65063 | Vaults:5 | Escaped the Abyss
 65365 | Vaults:5 | Noticed Jory
 65488 | Vaults:5 | Cast into the Abyss (a deep elf sorcerer)
 66220 | Vaults:5 | Escaped the Abyss
 66263 | Vaults:5 | Killed Jory
 66637 | Vaults:5 | Identified the Tome of Flight and Attacks
 66657 | Vaults:5 | Got a pitted cloak
 67029 | Vaults:5 | Reached skill level 22 in Shields
 67121 | Vaults:5 | Reached XP level 27. HP: 158/182 MP: 38/38
 67377 | Vaults:5 | Got a smoking lapis lazuli ring
 68112 | Vaults:5 | Got a silver rune of Zot
 68183 | Vaults:5 | Identified the ring "Rawumibu" {rPois Dex+2} (You took it off a deep elf sorcerer on level 5 of the Vaults)
 68208 | Vaults:5 | Identified the cursed +0 cloak "Evaeke" {*Contam +Blink rElec Stlth+} (You found it on level 5 of the Vaults)
 68313 | Vaults:5 | Got a bloodstained mace
 68314 | Vaults:5 | Identified the +5 mace of Cowardice {flame, rPois rN+ Dex+3} (You found it on level 5 of the Vaults)
 68378 | Vaults:5 | Got a steaming chain mail
 68391 | Vaults:5 | Identified the cursed +1 chain mail "Orradwas" {Dex+4} (You found it on level 5 of the Vaults)
 68465 | Vaults:5 | Gained mutation: You have a pair of small antennae on your head. [potion of beneficial mutation]
 68484 | Vaults:5 | Identified the Disquisition on Transmutation (You found it on level 5 of the Vaults)
 69253 | Slime:1  | Entered Level 1 of the Pits of Slime
 71320 | Slime:6  | Entered Level 6 of the Pits of Slime
 71679 | Slime:6  | Reached skill level 23 in Shields
 71703 | Slime:6  | Noticed the royal jelly
 71774 | Slime:6  | Killed the royal jelly
 71918 | Slime:6  | Got a slimy rune of Zot
 71920 | Slime:6  | Identified Khufu's Incunabulum of Unholy Magic
 72044 | Slime:4  | Gained mutation: You tend to lose your temper in combat. [a shining eye]
 72567 | Crypt:1  | Entered Level 1 of the Crypt
 72570 | Crypt:1  | Lost mutation: Your spells are a little easier to cast, but a little less powerful. [helix card]
 72975 | Crypt:1  | Reached skill level 24 in Shields
 72976 | Crypt:1  | Noticed Margery
 72999 | Crypt:1  | Killed Margery
 73008 | Crypt:1  | Killed the ghostly Margery
 73654 | Crypt:2  | Reached skill level 25 in Shields
 74342 | Crypt:3  | Entered Level 3 of the Crypt
 74705 | Crypt:3  | Identified the Papyrus of Cold
 74883 | Crypt:3  | Reached skill level 26 in Shields
 75159 | Crypt:3  | Identified Borgnjor's Tome of Evil Rituals
 75753 | Crypt:3  | Found a staircase to the Tomb.
 75755 | Crypt:3  | Noticed an ancient lich
 75775 | Crypt:3  | Noticed an ancient lich
 75821 | Crypt:3  | Killed an ancient lich
 75828 | Crypt:3  | Killed an ancient lich
 75865 | Crypt:3  | Noticed an ancient lich
 75904 | Crypt:3  | Killed an ancient lich
 75917 | Crypt:3  | Got a heavily runed helmet
 76142 | Crypt:3  | Lost mutation: You tend to lose your temper in combat. [potion of cure mutation]
 76142 | Crypt:3  | Lost mutation: You have a pair of small antennae on your head. [potion of cure mutation]
 76142 | Crypt:3  | Lost mutation: You are somewhat resistant to further mutation. [potion of cure mutation]
 76148 | Crypt:3  | Identified the cursed +0 helmet "Nelips" {rElec rC- Str+4} (You found it on level 3 of the Crypt)
 76652 | Depths:3 | Voluntarily entered the Abyss.
 76763 | Abyss:3  | Found a corrupted altar of Lugonu.
 76799 | Abyss:3  | Got an abyssal rune of Zot
 76806 | Abyss:3  | Found a corrupted altar of Lugonu.
 76820 | Abyss:3  | Found a corrupted altar of Lugonu.
 76841 | Abyss:3  | Reached skill level 27 in Shields
 76931 | Abyss:3  | Reached skill level 1 in Charms
 77011 | Abyss:3  | Reached skill level 1 in Air Magic
 77181 | Abyss:3  | Noticed an ancient lich
 77199 | Abyss:3  | Killed an ancient lich
 77470 | Abyss:3  | Paralysed by you for 7 turns
 77583 | Abyss:3  | Gained mutation: You are clumsy. (Dex -2) [a neqoxec]
 77757 | Abyss:3  | Found a blossoming altar of Fedhas.
 78044 | Depths:3 | Escaped the Abyss
 78154 | Zot:1    | Entered Level 1 of the Realm of Zot
 78992 | Zot:1    | Reached skill level 5 in Charms
 81667 | Zot:3    | Got a scorched brass ring
 81669 | Zot:3    | Identified the ring "Mifoesh" {rPois rF+ Str+2} (You found it on level 3 of the Realm of Zot)
 81971 | Zot:3    | Noticed Tiamat
 82705 | Zot:3    | Killed Tiamat
 83100 | Zot:4    | Reached skill level 10 in Charms
 84779 | Pan      | Entered Pandemonium
 85004 | Pan      | Found an exit through the horrors of the Abyss.
 86114 | Pan      | Found an exit through the horrors of the Abyss.
 86116 | Pan      | Lost mutation: You are clumsy. (Dex -2) [a neqoxec]
 86457 | Pan      | Noticed Siti the pandemonium lord
 86788 | Pan      | Killed Siti the pandemonium lord
 87067 | Pan      | Gained mutation: You are frail (-10% HP). [a cacodemon]
 87080 | Pan      | Gained mutation: You are very frail (-20% HP). [a cacodemon]
 87198 | Pan      | Found an exit through the horrors of the Abyss.
 87500 | Pan      | Noticed Asefink the pandemonium lord
 87592 | Pan      | Killed Asefink the pandemonium lord
 87897 | Pan      | Noticed Musteatbrain's ghost (legendary DsFi)
 87929 | Pan      | Gained mutation: You are clumsy. (Dex -2) [a neqoxec]
 88147 | Pan      | Gained mutation: Armour fits poorly on your strangely shaped body. [a neqoxec]
 88148 | Pan      | Gained mutation: You tend to lose your temper in combat. [a neqoxec]
 88177 | Pan      | Lost mutation: Armour fits poorly on your strangely shaped body. [potion of cure mutation]
 88177 | Pan      | Lost mutation: You are very frail (-20% HP). [potion of cure mutation]
 88177 | Pan      | Lost mutation: You are frail (-10% HP). [potion of cure mutation]
 88177 | Pan      | Lost mutation: You tend to lose your temper in combat. [potion of cure mutation]
 88177 | Pan      | Lost mutation: You are clumsy. (Dex -2) [potion of cure mutation]
 88243 | Pan      | Found an exit through the horrors of the Abyss.
 88272 | Pan      | Noticed Yqaliske the pandemonium lord
 88317 | Pan      | Gained mutation: Your body sometimes deteriorates upon taking damage. [a neqoxec]
 88330 | Pan      | Gained mutation: Armour fits poorly on your strangely shaped body. [a neqoxec]
 88420 | Pan      | Noticed Tugokuky the pandemonium lord
 88572 | Pan      | Found an exit through the horrors of the Abyss.
 88584 | Pan      | Lost intelligence.
 88589 | Pan      | Gained mutation: Potions and wands are less effective at restoring your health. [a neqoxec]
 88591 | Pan      | Lost mutation: Potions and wands are less effective at restoring your health. [a neqoxec]
 88599 | Pan      | Gained mutation: Your spells are a little easier to cast, but a little less powerful. [a neqoxec]
 88601 | Pan      | Gained mutation: You are frail (-10% HP). [a neqoxec]
 88615 | Pan      | Took an exit into the Abyss.
 88615 | Abyss:1  | Escaped into the Abyss
 88653 | Abyss:1  | Reached skill level 15 in Maces & Flails
 89086 | Depths:5 | Escaped the Abyss
 91156 | Zig:1    | Entered Level 1 of a ziggurat
 91183 | Zig:2    | Entered Level 2 of a ziggurat
 91235 | Zig:3    | Entered Level 3 of a ziggurat
 91278 | Zig:4    | Entered Level 4 of a ziggurat
 91316 | Zig:4    | Got a brightly glowing morningstar
 91317 | Zig:4    | Identified the +10 morningstar "Irresut" {crush, Str+3} (You found it on level 4 of a ziggurat)
 91331 | Zig:5    | Entered Level 5 of a ziggurat
 91392 | Zig:5    | Got a warped marble ring
 91398 | Zig:5    | Identified the ring "Idenexz Voewk" {MP+9 Dex+4} (You found it on level 5 of a ziggurat)
 91410 | Zig:6    | Entered Level 6 of a ziggurat
 91489 | Zig:6    | Got a warped helmet
 91490 | Zig:6    | Identified the cursed +0 helmet of Dishonesty {rPois rF+ Stlth-} (You found it on level 6 of a ziggurat)
 91521 | Zig:7    | Entered Level 7 of a ziggurat
 91567 | Zig:7    | Reached skill level 1 in Evocations
 91641 | Zig:8    | Entered Level 8 of a ziggurat
 91789 | Zig:8    | Got a pitted scale mail
 91791 | Zig:8    | Identified the +4 scale mail "Vownos" {MP+9} (You found it on level 8 of a ziggurat)
 91803 | Zig:9    | Entered Level 9 of a ziggurat
 91928 | Zig:9    | Learned a level 2 spell: Song of Slaying
 91931 | Zig:9    | Learned a level 2 spell: Shroud of Golubria
 91935 | Zig:9    | Learned a level 3 spell: Regeneration
 91939 | Zig:9    | Learned a level 3 spell: Spectral Weapon
 91965 | Zig:9    | Identified a +2 rod of ignition (9/9) (You found it on level 9 of a ziggurat)
 91972 | Zig:9    | Learned a level 2 spell: Repel Missiles
 91993 | Zig:9    | Got a brightly glowing chain mail
 91995 | Zig:9    | Identified the +5 chain mail of Virtue {rCorr Str+6 Dex-5} (You found it on level 9 of a ziggurat)
 92318 | Swamp:2  | Fell from the grace of Makhleb
 92318 | Swamp:2  | Became a worshipper of the Shining One
 92682 | Orc:4    | Bought a potion of berserk rage for 75 gold pieces
 92682 | Orc:4    | Bought a potion of agility for 60 gold pieces
 92682 | Orc:4    | Bought a potion of haste for 150 gold pieces
 92684 | Orc:4    | Bought a meat ration for 65 gold pieces
 92684 | Orc:4    | Bought a beef jerky for 19 gold pieces
 92684 | Orc:4    | Bought a bread ration for 65 gold pieces
 92684 | Orc:4    | Bought a beef jerky for 19 gold pieces
 92684 | Orc:4    | Bought a bread ration for 65 gold pieces
 92684 | Orc:4    | Bought a bread ration for 65 gold pieces
 92684 | Orc:4    | Bought a bread ration for 65 gold pieces
 92684 | Orc:4    | Bought a bread ration for 65 gold pieces
 92684 | Orc:4    | Bought 3 fruits for 58 gold pieces
 92684 | Orc:4    | Bought a bread ration for 65 gold pieces
 92684 | Orc:4    | Bought a bread ration for 65 gold pieces
 92684 | Orc:4    | Bought a meat ration for 65 gold pieces
 92740 | Orc:4    | Bought a potion of curing for 45 gold pieces
 92740 | Orc:4    | Bought a potion of curing for 45 gold pieces
 92740 | Orc:4    | Bought a potion of curing for 45 gold pieces
 92776 | Pan      | Entered Pandemonium
 92783 | Pan      | Gained mutation: You expend magic power (3 MP) to strengthen your wands. [a cacodemon]
 92786 | Pan      | Gained mutation: Potions and wands are less effective at restoring your health. [a cacodemon]
 92789 | Pan      | Reached skill level 5 in Evocations
 92791 | Pan      | Gained mutation: Your spells are easier to cast, but less powerful. [a cacodemon]
 92807 | Pan      | Reached * piety under the Shining One
 92937 | Pan      | Found an exit through the horrors of the Abyss.
 93161 | Pan      | Gained mutation: You tend to lose your temper in combat. [a cacodemon]
 93241 | Pan      | Reached ** piety under the Shining One
 93470 | Pan      | Found a huge runed gate.
 93507 | Pan      | Reached *** piety under the Shining One
 93508 | Pan      | Noticed Mookiuj the pandemonium lord
 93568 | Pan      | Killed Mookiuj the pandemonium lord
 93673 | Pan      | Reached **** piety under the Shining One
 93915 | Pan      | Noticed a seraph
 94398 | Pan      | Found a white marble altar of Elyvilon.
 94499 | Pan      | Lost mutation: Your body sometimes deteriorates upon taking damage. [a cacodemon]
 94859 | Pan      | Gained mutation: You are clumsy. (Dex -2) [a neqoxec]
 94860 | Pan      | Gained mutation: You are dopey. (Int -2) [a neqoxec]
 94924 | Pan      | Found a runed door.
 94932 | Pan      | Found a runed door.
 94933 | Pan      | Found a runed door.
 94935 | Pan      | Noticed Erhum the pandemonium lord
 94961 | Pan      | Gained mutation: You are very clumsy. (Dex -4) [a cacodemon]
 94968 | Pan      | Reached ***** piety under the Shining One
 95014 | Pan      | Gained mutation: Your body sometimes deteriorates upon taking damage. [a neqoxec]
 95139 | Pan      | Gained mutation: Your body often deteriorates upon taking damage. [a neqoxec]
 95274 | Pan      | Found an exit through the horrors of the Abyss.
 95372 | Pan      | Found a runed door.
 95420 | Pan      | Killed Erhum the pandemonium lord
 95660 | Pan      | Reached ****** piety under the Shining One
 95719 | Pan      | Found an exit through the horrors of the Abyss.
 95730 | Pan      | Noticed Jameac the pandemonium lord
 95734 | Pan      | Paralysed by a giant eyeball for 3 turns
 95766 | Pan      | Killed Jameac the pandemonium lord
 96327 | Pan      | Gained mutation: You are weak. (Str -2) [a cacodemon]
 96332 | Pan      | Gained mutation: You are very frail (-20% HP). [a cacodemon]
 96918 | Pan      | Got a bloodstained scale mail
 96919 | Pan      | Identified the +3 scale mail of the Evening {Str+2} (You found it in Pandemonium)
 96922 | Pan      | Got a distressingly furry hat
 96924 | Pan      | Identified the +0 hat "Kuimoeja" {rN+++ rCorr Int+3 Dex-2} (You acquired it in Pandemonium)
 97507 | Pan      | Found an exit through the horrors of the Abyss.
 97722 | Pan      | Got a fine scale mail
 97723 | Pan      | Identified the +1 scale mail of Pehaol {rF+ Int-4 Dex+8} (You found it in Pandemonium)
 97811 | Pan      | Was forgiven by Makhleb
 97925 | Pan      | Noticed Onumis the pandemonium lord
 97954 | Pan      | Killed Onumis the pandemonium lord
 98045 | Pan      | Found an exit through the horrors of the Abyss.
 98700 | Pan      | Found an exit through the horrors of the Abyss.
 99003 | Pan      | Noticed Xoco Hut the pandemonium lord
 99028 | Pan      | Killed Xoco Hut the pandemonium lord
 99330 | Pan      | HP: 7/153 [Hell Sentinel/blast of hellfire (28)]
 99340 | Pan      | Lost mutation: You are very clumsy. (Dex -4) [potion of cure mutation]
 99340 | Pan      | Lost mutation: You expend magic power (3 MP) to strengthen your wands. [potion of cure mutation]
 99340 | Pan      | Lost mutation: You are weak. (Str -2) [potion of cure mutation]
 99340 | Pan      | Lost mutation: Potions and wands are less effective at restoring your health. [potion of cure mutation]
 99340 | Pan      | Lost mutation: You are very frail (-20% HP). [potion of cure mutation]
 99557 | Pan      | Gained mutation: Scrolls take you a little longer to read. [a cacodemon]
 99585 | Pan      | Found an exit through the horrors of the Abyss.
 99594 | Pan      | Took an exit into the Abyss.
 99594 | Abyss:1  | Escaped into the Abyss
 99594 | Abyss:1  | Noticed an ancient lich
 99596 | Abyss:1  | Found a corrupted altar of Lugonu.
 99613 | Abyss:1  | Killed an ancient lich
 99668 | Abyss:1  | Found a corrupted altar of Lugonu.
 99714 | Orc:4    | Escaped the Abyss
100029 | Swamp:2  | Identified a +9 eveningstar of holy wrath (a +9 vampiric eveningstar blessed by the Shining One)
100029 | Swamp:2  | Received a gift from the Shining One
100342 | Pan      | Entered Pandemonium
100384 | Pan      | Noticed Ywuoca the pandemonium lord
100401 | Pan      | Killed Ywuoca the pandemonium lord
100529 | Pan      | Got a pair of translucent boots
100532 | Pan      | Identified the +1 pair of boots of Nifucas {Int+2} (You acquired it in Pandemonium)
100552 | Pan      | Got a demonic rune of Zot
100696 | Pan      | Found an exit through the horrors of the Abyss.
100857 | Pan      | Gained mutation: Your magical capacity is low (-10% MP). [a neqoxec]
100884 | Pan      | Found an exit through the horrors of the Abyss.
101662 | Pan      | Noticed Zick the pandemonium lord
101674 | Pan      | Paralysed by a giant eyeball for 4 turns
101700 | Pan      | Killed Zick the pandemonium lord
101897 | Pan      | Found an exit through the horrors of the Abyss.
102486 | Pan      | Noticed Vytifim the pandemonium lord
102509 | Pan      | Killed Vytifim the pandemonium lord
102683 | Pan      | Found a basalt altar of Yredelemnul.
103068 | Pan      | Found an exit through the horrors of the Abyss.
103119 | Pan      | Gained mutation: You are occasionally teleported next to monsters. [a neqoxec]
103142 | Pan      | Gained mutation: Potions and wands are less effective at restoring your health. [a neqoxec]
103377 | Pan      | Noticed Foduqohi the pandemonium lord
103387 | Pan      | Killed Foduqohi the pandemonium lord
103498 | Pan      | Found an exit through the horrors of the Abyss.
103954 | Pan      | Gained mutation: You often lose your temper in combat. [a cacodemon]
103955 | Pan      | Gained mutation: Scrolls take you longer to read. [a cacodemon]
103958 | Pan      | Gained mutation: Your magical capacity is very low (-20% MP). [a cacodemon]
104037 | Pan      | Noticed Ygi Vowke the pandemonium lord
104047 | Pan      | Killed Ygi Vowke the pandemonium lord
104068 | Pan      | Gained mutation: You are weak. (Str -2) [a neqoxec]
104314 | Pan      | Found an exit through the horrors of the Abyss.
104558 | Pan      | Got a jade-encrusted chain mail
104561 | Pan      | Identified the +2 chain mail of Fashionability {rCorr Str+5} (You found it in Pandemonium)
104565 | Pan      | Got a pair of spiked gloves
104568 | Pan      | Identified the -1 pair of gloves of Compression {MR+} (You acquired it in Pandemonium)
104602 | Pan      | Gained mutation: You can spit weak poison. [potion of beneficial mutation]
104622 | Pan      | Lost mutation: You are clumsy. (Dex -2) [potion of cure mutation]
104622 | Pan      | Lost mutation: Scrolls take you longer to read. [potion of cure mutation]
104622 | Pan      | Lost mutation: You are weak. (Str -2) [potion of cure mutation]
104622 | Pan      | Lost mutation: You can spit weak poison. [potion of cure mutation]
104622 | Pan      | Lost mutation: You often lose your temper in combat. [potion of cure mutation]
104881 | Pan      | Noticed Qunexute the pandemonium lord
104891 | Pan      | Killed Qunexute the pandemonium lord
105023 | Pan      | Found an exit through the horrors of the Abyss.
105052 | Pan      | Found a gateway to a ziggurat.
105485 | Zig:1    | Entered Level 1 of a ziggurat
105510 | Zig:2    | Entered Level 2 of a ziggurat
105555 | Zig:2    | Lost mutation: Your spells are easier to cast, but less powerful. [potion of cure mutation]
105555 | Zig:2    | Lost mutation: Armour fits poorly on your strangely shaped body. [potion of cure mutation]
105555 | Zig:2    | Lost mutation: Scrolls take you a little longer to read. [potion of cure mutation]
105555 | Zig:2    | Lost mutation: Potions and wands are less effective at restoring your health. [potion of cure mutation]
105555 | Zig:2    | Lost mutation: Your body often deteriorates upon taking damage. [potion of cure mutation]
105555 | Zig:2    | Lost mutation: Your magical capacity is very low (-20% MP). [potion of cure mutation]
105569 | Zig:3    | Entered Level 3 of a ziggurat
105612 | Zig:4    | Entered Level 4 of a ziggurat
105677 | Zig:5    | Entered Level 5 of a ziggurat
105682 | Zig:5    | Noticed Paigauh the pandemonium lord
105697 | Zig:5    | Killed Paigauh the pandemonium lord
105715 | Zig:5    | Got a fine dire flail
105758 | Zig:6    | Entered Level 6 of a ziggurat
105856 | Zig:7    | Entered Level 7 of a ziggurat
105914 | Zig:7    | Got a bound wooden ring
105915 | Zig:7    | Identified the ring of No Interval {MR+ MP+9} (You found it on level 7 of a ziggurat)
105937 | Zig:8    | Entered Level 8 of a ziggurat
106016 | Zig:8    | Gained mutation: You are very frail (-20% HP). [a shining eye]
106026 | Zig:8    | Gained mutation: Your body often deteriorates upon taking damage. [a shining eye]
106053 | Zig:8    | Got a dazzling scale mail
106054 | Zig:8    | Identified the +2 scale mail "Cuxzicela" {+Fly rCorr Dex-5} (You found it on level 8 of a ziggurat)
106076 | Zig:9    | Entered Level 9 of a ziggurat
106205 | Zig:9    | Gained mutation: Your magical capacity is very low (-20% MP). [mutagenic glow]
106209 | Zig:9    | Got a pair of shimmering boots
106223 | Zig:9    | Identified the +2 pair of boots "Navuro Ragre" {rElec Slay+2} (You found it on level 9 of a ziggurat)
106239 | Zig:9    | Got a bound lapis lazuli ring
106241 | Zig:9    | Identified the ring of Bifriex {Wiz rF+} (You found it on level 9 of a ziggurat)
106270 | Zig:10   | Entered Level 10 of a ziggurat
106283 | Zig:10   | Noticed Bees the pandemonium lord
106295 | Zig:10   | Killed Bees the pandemonium lord
106434 | Zig:11   | Entered Level 11 of a ziggurat
106548 | Zig:11   | Reached skill level 15 in Spellcasting
106571 | Zig:11   | Lost mutation: Your body often deteriorates upon taking damage. [potion of cure mutation]
106571 | Zig:11   | Lost mutation: Your spells are a little easier to cast, but a little less powerful. [potion of cure mutation]
106571 | Zig:11   | Lost mutation: You are very frail (-20% HP). [potion of cure mutation]
106571 | Zig:11   | Lost mutation: You are frail (-10% HP). [potion of cure mutation]
106572 | Zig:11   | Lost mutation: You are dopey. (Int -2) [potion of cure mutation]
106572 | Zig:11   | Lost mutation: You tend to lose your temper in combat. [potion of cure mutation]
106572 | Zig:11   | Lost mutation: Your magical capacity is very low (-20% MP). [potion of cure mutation]
106578 | Zig:11   | Lost mutation: Your body sometimes deteriorates upon taking damage. [potion of cure mutation]
106578 | Zig:11   | Lost mutation: Your magical capacity is low (-10% MP). [potion of cure mutation]
106580 | Zig:11   | Identified the Handbook of the Excruciating Birds
106604 | Zig:11   | Got a shimmering glass ring
106606 | Zig:11   | Identified the ring "Adaireh" {rC+ Dex+5 Slay+5 Stlth+} (You found it on level 11 of a ziggurat)
106987 | Pan      | Found an exit through the horrors of the Abyss.
106991 | Pan      | Gained mutation: Potions and wands are less effective at restoring your health. [a neqoxec]
107485 | Pan      | Gained mutation: You are sometimes teleported next to monsters. [a neqoxec]
107496 | Pan      | Noticed Bodeq the pandemonium lord
107504 | Pan      | Killed Bodeq the pandemonium lord
107661 | Pan      | Entered the realm of Lom Lobon.
107680 | Pan      | Got a faintly humming shield
107681 | Pan      | Identified the +0 shield "Ugram" {*Confuse rF++} (You acquired it in Pandemonium)
107815 | Pan      | Found an exit through the horrors of the Abyss.
108050 | Pan      | Noticed Lom Lobon
108199 | Pan      | Killed Lom Lobon
108220 | Pan      | Got a magical rune of Zot
108878 | Pan      | Found an exit through the horrors of the Abyss.
109172 | Pan      | Gained mutation: You tend to lose your temper in combat. [a cacodemon]
109315 | Pan      | Found an exit through the horrors of the Abyss.
109874 | Pan      | Found a huge runed gate.
110080 | Pan      | Noticed Cenluf the pandemonium lord
110096 | Pan      | Killed Cenluf the pandemonium lord
110150 | Pan      | Found an exit through the horrors of the Abyss.
110163 | Pan      | Noticed Haeges the pandemonium lord
110190 | Pan      | Killed Haeges the pandemonium lord
110936 | Pan      | Noticed Jeuvvi the pandemonium lord
110944 | Pan      | Killed Jeuvvi the pandemonium lord
110947 | Pan      | Gained mutation: Armour fits poorly on your strangely shaped body. [a neqoxec]
110986 | Pan      | Found an exit through the horrors of the Abyss.
111489 | Pan      | Found a runed door.
111513 | Pan      | Found an exit through the horrors of the Abyss.
111619 | Pan      | Found a runed door.
111629 | Pan      | Found a runed door.
111632 | Pan      | Found a runed door.
111635 | Pan      | Noticed Akhed the pandemonium lord
111641 | Pan      | Killed Akhed the pandemonium lord
112486 | Pan      | Noticed Muddigi the pandemonium lord
112501 | Pan      | Killed Muddigi the pandemonium lord
112557 | Pan      | Found an exit through the horrors of the Abyss.
112971 | Pan      | Entered the realm of Gloorx Vloq.
113008 | Pan      | Found an exit through the horrors of the Abyss.
113132 | Pan      | Noticed Gloorx Vloq
113150 | Pan      | Killed Gloorx Vloq
113216 | Pan      | Got a dark rune of Zot
113271 | Pan      | Reached skill level 27 in Maces & Flails
114029 | Pan      | Found an exit through the horrors of the Abyss.
114079 | Pan      | Noticed Nant the pandemonium lord
114470 | Pan      | Cast into the Abyss (Nant)
114497 | Pan      | Escaped the Abyss
114500 | Pan      | Killed Nant the pandemonium lord
114856 | Pan      | Noticed Lykeoso the pandemonium lord
114858 | Pan      | Gained mutation: You are somewhat resistant to further mutation. [a neqoxec]
114868 | Pan      | Killed Lykeoso the pandemonium lord
114987 | Pan      | Found an exit through the horrors of the Abyss.
115547 | Pan      | Found an exit through the horrors of the Abyss.
115569 | Pan      | Noticed Ronutif the pandemonium lord
115578 | Pan      | Killed Ronutif the pandemonium lord
115924 | Pan      | Got a pair of encrusted gloves
115926 | Pan      | Identified the +1 pair of gloves of the Nexus {*Corrode rF+ Dex+7 Slay+2} (You found it in Pandemonium)
116320 | Pan      | Gained mutation: You are clumsy. (Dex -2) [a neqoxec]
116372 | Pan      | Found an exit through the horrors of the Abyss.
116389 | Pan      | Noticed Sonag the pandemonium lord
116399 | Pan      | Killed Sonag the pandemonium lord
116784 | Pan      | Entered the realm of Cerebov.
116784 | Pan      | Found an exit through the horrors of the Abyss.
116847 | Pan      | Reached skill level 27 in Invocations
116910 | Pan      | Noticed Cerebov
116944 | Pan      | Killed Cerebov
116974 | Pan      | Got a fine brass ring
116989 | Pan      | Identified the Disquisition on Weightlessness and Self-Improvement (You found it in Pandemonium)
116991 | Pan      | Identified the ring of Nothicech {rF+ rN+ MP+9 Dex-3 SInv} (You took it off a balrug in Pandemonium)
117008 | Pan      | Got a fiery rune of Zot
117027 | Pan      | Got a flickering granite ring
117028 | Pan      | Identified the ring "Yloretaur" {rC+ Slay+3} (You found it in Pandemonium)
117060 | Pan      | Identified the Grimoire of Battle Magic and Venom
117063 | Pan      | Got a jacinth-studded mottled dragon armour
117064 | Pan      | Identified the +0 mottled dragon armour of Somewhere Else {+Fly MR+ Dex-5} (You found it in Pandemonium)
117085 | Pan      | Identified the Grimoire of Battle Magic and Air
117094 | Pan      | Got a translucent bone ring
117095 | Pan      | Identified the ring of Degounos {Ice rElec MP-9 Dex+5} (You found it in Pandemonium)
117699 | Pan      | Found an exit through the horrors of the Abyss.
118169 | Pan      | Noticed Bigrarph the pandemonium lord
118182 | Pan      | Killed Bigrarph the pandemonium lord
118336 | Pan      | Found an exit through the horrors of the Abyss.
118567 | Pan      | Found a runed door.
118670 | Pan      | Found a runed door.
118682 | Pan      | Found a runed door.
118747 | Pan      | Lost mutation: You are sometimes teleported next to monsters. [potion of cure mutation]
118747 | Pan      | Lost mutation: Armour fits poorly on your strangely shaped body. [potion of cure mutation]
118747 | Pan      | Lost mutation: You tend to lose your temper in combat. [potion of cure mutation]
118747 | Pan      | Lost mutation: You are somewhat resistant to further mutation. [potion of cure mutation]
118862 | Pan      | Found a runed door.
118896 | Pan      | Gained mutation: You are frail (-10% HP). [a neqoxec]
119020 | Pan      | Noticed Omogoo the pandemonium lord
119029 | Pan      | Killed Omogoo the pandemonium lord
119045 | Pan      | Found an exit through the horrors of the Abyss.
119571 | Pan      | Gained mutation: You are sometimes teleported next to monsters. [a cacodemon]
119577 | Pan      | Noticed Nueqium the pandemonium lord
119587 | Pan      | Killed Nueqium the pandemonium lord
120498 | Pan      | Noticed Esotsuqa the pandemonium lord
120500 | Pan      | Reached skill level 15 in Charms
120506 | Pan      | Killed Esotsuqa the pandemonium lord
120601 | Pan      | Noticed Mewot the pandemonium lord
120615 | Pan      | Killed Mewot the pandemonium lord
120839 | Pan      | Found an exit through the horrors of the Abyss.
121161 | Pan      | Learned a level 8 spell: Controlled Blink
121174 | Pan      | Learned a level 8 spell: Disjunction
121300 | Pan      | Gained mutation: You are dopey. (Int -2) [a neqoxec]
121301 | Pan      | Gained mutation: Potions and wands are poor at restoring your health. [a neqoxec]
121445 | Pan      | Found an exit through the horrors of the Abyss.
121783 | Pan      | Found a runed door.
121967 | Pan      | Gained mutation: You are very clumsy. (Dex -4) [a neqoxec]
122000 | Pan      | Noticed Zofrin the pandemonium lord
122008 | Pan      | Killed Zofrin the pandemonium lord
122192 | Pan      | Gained mutation: Armour fits poorly on your strangely shaped body. [a neqoxec]
122210 | Pan      | Gained mutation: Your body sometimes deteriorates upon taking damage. [a neqoxec]
122289 | Pan      | Noticed Ekoprum the pandemonium lord
122297 | Pan      | Killed Ekoprum the pandemonium lord
122650 | Pan      | Found an exit through the horrors of the Abyss.
122903 | Pan      | Noticed Nioss the pandemonium lord
123161 | Pan      | Reached skill level 27 in Fighting
123179 | Pan      | Entered the realm of Mnoleg.
123236 | Pan      | Gained mutation: You are weak. (Str -2) [a neqoxec]
123327 | Pan      | Paralysed by a giant eyeball for 3 turns
123328 | Pan      | Gained mutation: Potions and wands cannot restore your health. [a cacodemon]
123363 | Pan      | Gained mutation: You are very weak. (Str -4) [a cacodemon]
123371 | Pan      | Gained mutation: Your magical capacity is low (-10% MP). [a shining eye]
123373 | Pan      | Noticed Mnoleg
123378 | Pan      | Paralysed by a giant eyeball for 2 turns
123379 | Pan      | Gained mutation: You expend magic power (3 MP) to strengthen your wands. [Mnoleg's mutagenic touch]
123381 | Pan      | Killed Mnoleg
123385 | Pan      | Gained mutation: Your body often deteriorates upon taking damage. [a cacodemon]
123428 | Pan      | Gained mutation: You are very frail (-20% HP). [a shining eye]
123457 | Pan      | Gained mutation: Scrolls take you a little longer to read. [a cacodemon]
123464 | Pan      | Lost intelligence.
123559 | Pan      | Found an exit through the horrors of the Abyss.
123924 | Pan      | Got an ichor-stained plate armour
123950 | Pan      | Got a glowing rune of Zot
123974 | Pan      | Noticed Mennas
124006 | Pan      | Killed Mennas
124068 | Pan      | Found an exit through the horrors of the Abyss.
124144 | Pan      | Noticed Yjuiqall the pandemonium lord
124149 | Pan      | Killed Yjuiqall the pandemonium lord
124716 | Pan      | Noticed Magip the pandemonium lord
124728 | Pan      | Killed Magip the pandemonium lord
124781 | Pan      | Identified the +7 plate armour of Anarchy {Str+3} (You found it in Pandemonium)
124852 | Pan      | Gained mutation: Your magical capacity is very low (-20% MP). [a neqoxec]
124924 | Pan      | Found an exit through the horrors of the Abyss.
125296 | Pan      | Gained mutation: You are extremely frail (-30% HP). [a neqoxec]
125498 | Pan      | Lost mutation: Your magical capacity is very low (-20% MP). [a neqoxec]
125984 | Pan      | Noticed Mosulloegal the pandemonium lord
125988 | Pan      | Reached skill level 27 in Armour
125995 | Pan      | Killed Mosulloegal the pandemonium lord
126118 | Pan      | Found an exit through the horrors of the Abyss.
126280 | Pan      | Noticed Hipev the pandemonium lord
126286 | Pan      | Killed Hipev the pandemonium lord
126471 | Pan      | Found an exit through the horrors of the Abyss.
127181 | Pan      | Found a runed door.
127193 | Pan      | Found a runed door.
127235 | Pan      | Gained mutation: Scrolls take you longer to read. [a neqoxec]
127236 | Pan      | Gained mutation: Scrolls take you much longer to read. [a neqoxec]
127438 | Pan      | Found an exit through the horrors of the Abyss.
127488 | Pan      | Found a runed door.
127498 | Pan      | Found a runed door.
127595 | Pan      | Noticed Deoth the pandemonium lord
127600 | Pan      | Killed Deoth the pandemonium lord
127709 | Pan      | Noticed Renok the pandemonium lord
127715 | Pan      | Reached skill level 15 in Translocations
127734 | Pan      | Killed Renok the pandemonium lord
127834 | Pan      | Found an exit through the horrors of the Abyss.
128619 | Pan      | Noticed Asajih the pandemonium lord
128631 | Pan      | Killed Asajih the pandemonium lord
128671 | Pan      | Gained mutation: Your magical capacity is very low (-20% MP). [a neqoxec]
128681 | Pan      | Found an exit through the horrors of the Abyss.
129380 | Pan      | Got a translucent morningstar
129386 | Pan      | Identified the +1 morningstar of Wyp Huadd {holy, *Rage rN+ MR+ Dex+7} (You found it in Pandemonium)
129396 | Pan      | Found an exit through the horrors of the Abyss.
129593 | Pan      | Noticed Veakheg the pandemonium lord
129616 | Pan      | Killed Veakheg the pandemonium lord
129676 | Pan      | Gained mutation: You occasionally shout uncontrollably at your foes. [a neqoxec]
129680 | Pan      | Gained mutation: You are very dopey. (Int -4) [a neqoxec]
129682 | Pan      | Gained mutation: Your spells are a little easier to cast, but a little less powerful. [a neqoxec]
129715 | Pan      | Lost mutation: You expend magic power (3 MP) to strengthen your wands. [potion of cure mutation]
129715 | Pan      | Lost mutation: Scrolls take you much longer to read. [potion of cure mutation]
129715 | Pan      | Lost mutation: You occasionally shout uncontrollably at your foes. [potion of cure mutation]
129715 | Pan      | Lost mutation: Armour fits poorly on your strangely shaped body. [potion of cure mutation]
129715 | Pan      | Lost mutation: You are very clumsy. (Dex -4) [potion of cure mutation]
129940 | Pan      | Got an amber-encrusted leather armour
129944 | Pan      | Identified the +3 leather armour "Mucwuek" {rCorr} (You found it in Pandemonium)
130338 | Pan      | Found an exit through the horrors of the Abyss.
130356 | Pan      | Gained mutation: You are often teleported next to monsters. [a neqoxec]
130489 | Pan      | Gained mutation: You are very clumsy. (Dex -4) [a neqoxec]
130718 | Pan      | Noticed Yshoul the pandemonium lord
130815 | Pan      | Killed Yshoul the pandemonium lord
131356 | Pan      | Noticed Reew the pandemonium lord
131366 | Pan      | Killed Reew the pandemonium lord
131498 | Pan      | Found an exit through the horrors of the Abyss.
132094 | Pan      | Found an exit through the horrors of the Abyss.
132217 | Pan      | Noticed Ryxorak the pandemonium lord
132243 | Pan      | Killed Ryxorak the pandemonium lord
132447 | Pan      | Found an exit through the horrors of the Abyss.
132497 | Pan      | Found an exit through the horrors of the Abyss.
132666 | Pan      | Gained mutation: You tend to lose your temper in combat. [a cacodemon]
132709 | Pan      | Noticed Ignacio
132720 | Pan      | Killed Ignacio
132773 | Pan      | Found an exit through the horrors of the Abyss.
132847 | Pan      | Noticed Doasch the pandemonium lord
132905 | Pan      | Killed Doasch the pandemonium lord
133006 | Pan      | Gained mutation: Your magical capacity is extremely low (-30% MP). [a neqoxec]
133062 | Pan      | Noticed Utaurite the pandemonium lord
133072 | Pan      | Killed Utaurite the pandemonium lord
133103 | Pan      | Gained mutation: Scrolls take you much longer to read. [a neqoxec]
133143 | Pan      | Lost mutation: You are very clumsy. (Dex -4) [potion of cure mutation]
133143 | Pan      | Lost mutation: You are extremely frail (-30% HP). [potion of cure mutation]
133143 | Pan      | Lost mutation: You are very frail (-20% HP). [potion of cure mutation]
133147 | Pan      | Lost mutation: Potions and wands cannot restore your health. [a neqoxec]
133155 | Pan      | Found an exit through the horrors of the Abyss.
133296 | Pan      | Noticed Luskaky the pandemonium lord
133356 | Pan      | Found an exit through the horrors of the Abyss.
133403 | Pan      | Gained mutation: You occasionally shout uncontrollably at your foes. [a cacodemon]
133428 | Pan      | Gained mutation: You are very clumsy. (Dex -4) [a neqoxec]
133431 | Pan      | Gained mutation: Armour fits poorly on your strangely shaped body. [a neqoxec]
133506 | Pan      | Found an exit through the horrors of the Abyss.
133567 | Pan      | Noticed Qunoaxen the pandemonium lord
133580 | Pan      | Killed Qunoaxen the pandemonium lord
133761 | Pan      | Noticed Omunwuf the pandemonium lord
133785 | Pan      | Gained mutation: You often lose your temper in combat. [a neqoxec]
133786 | Pan      | Killed Omunwuf the pandemonium lord
133787 | Pan      | Gained mutation: You sometimes yell uncontrollably at your foes. [a neqoxec]
133895 | Pan      | Found an exit through the horrors of the Abyss.
134069 | Pan      | Noticed Vuobuhij the pandemonium lord
134081 | Pan      | Killed Vuobuhij the pandemonium lord
134152 | Pan      | Found an exit through the horrors of the Abyss.
134262 | Pan      | Found a huge runed gate.
134271 | Pan      | Noticed Abaohulo the pandemonium lord
134302 | Pan      | Killed Abaohulo the pandemonium lord
134439 | Pan      | Found an exit through the horrors of the Abyss.
134486 | Pan      | Gained mutation: You frequently scream uncontrollably at your foes. [a neqoxec]
134680 | Pan      | Noticed Coenaor the pandemonium lord
134688 | Pan      | Killed Coenaor the pandemonium lord
134910 | Pan      | Gained mutation: You are very frail (-20% HP). [a cacodemon]
134912 | Pan      | Gained mutation: You are extremely frail (-30% HP). [a cacodemon]
135072 | Pan      | Found an exit through the horrors of the Abyss.
135124 | Pan      | Noticed Cirraf the pandemonium lord
135128 | Pan      | Killed Cirraf the pandemonium lord
135138 | Pan      | Lost mutation: Potions and wands are poor at restoring your health. [a neqoxec]
135147 | Pan      | Gained mutation: Potions and wands are poor at restoring your health. [a neqoxec]
135176 | Pan      | Gained mutation: Your spells are easier to cast, but less powerful. [a neqoxec]
135372 | Pan      | Found an exit through the horrors of the Abyss.
135458 | Pan      | Noticed Meulytt the pandemonium lord
135463 | Pan      | Killed Meulytt the pandemonium lord
135503 | Pan      | Found an exit through the horrors of the Abyss.
135525 | Pan      | Found a gateway to a ziggurat.
135527 | Pan      | Paralysed by a giant eyeball for 4 turns
135537 | Pan      | Paralysed by a giant eyeball for 2 turns
135541 | Pan      | Paralysed by a giant eyeball for 3 turns
135591 | Pan      | Paralysed by a giant eyeball for 4 turns
135618 | Zig:1    | Entered Level 1 of a ziggurat
135625 | Zig:1    | Paralysed by you for 5 turns
135739 | Zig:2    | Entered Level 2 of a ziggurat
135754 | Zig:2    | Reached skill level 15 in Dodging
135792 | Zig:3    | Entered Level 3 of a ziggurat
135844 | Zig:4    | Entered Level 4 of a ziggurat
135913 | Zig:4    | Identified a +1 pair of boots of running (You found it on level 4 of a ziggurat)
135942 | Zig:5    | Entered Level 5 of a ziggurat
136054 | Zig:6    | Entered Level 6 of a ziggurat
136207 | Zig:7    | Entered Level 7 of a ziggurat
136227 | Zig:7    | Noticed an ancient lich
136234 | Zig:7    | Killed an ancient lich
136329 | Zig:8    | Entered Level 8 of a ziggurat
136470 | Zig:9    | Entered Level 9 of a ziggurat
136590 | Zig:10   | Entered Level 10 of a ziggurat
136724 | Zig:10   | Identified Sif Muna's Collected Works on the Snowflakes and Stones
136731 | Zig:10   | Got a warped scale mail
136735 | Zig:10   | Identified the +3 scale mail of Nuamnuorre {rC- rN++} (You found it on level 10 of a ziggurat)
136760 | Zig:10   | Got a spiked pearl dragon armour
136765 | Zig:10   | Identified the +6 pearl dragon armour of Defence {rC+ rN+ Str+6} (You found it on level 10 of a ziggurat)
136813 | Zig:11   | Entered Level 11 of a ziggurat
136896 | Zig:11   | Gained mutation: You expend magic power (3 MP) to strengthen your wands. [a shining eye]
136898 | Zig:11   | Gained mutation: Your spells are much easier to cast, but much less powerful. [a shining eye]
137003 | Zig:11   | Got a clouded steel amulet
137019 | Zig:11   | Identified a +1 pair of boots of running (You found it on level 11 of a ziggurat)
137044 | Zig:12   | Entered Level 12 of a ziggurat
137064 | Zig:12   | Paralysed by accursed screaming for 1 turns
137085 | Zig:12   | Paralysed by accursed screaming for 1 turns
137141 | Zig:12   | Gained mutation: You have an uncontrollable temper. [mutagenic glow]
137166 | Zig:12   | Identified the amulet of Siattitu {rMut Int+3} (You found it on level 11 of a ziggurat)
137182 | Zig:12   | Identified Usuk's Disquisition on the Rocks and Changing
137187 | Zig:12   | Got a smoking plate armour
137192 | Zig:12   | Identified the +7 plate armour "Owiqomp" {Dex+2} (You found it on level 12 of a ziggurat)
137202 | Zig:12   | Got a faintly glowing scale mail
137206 | Zig:12   | Identified the cursed +0 scale mail of the Wasteland {Dex-3 Slay+6} (You found it on level 12 of a ziggurat)
137285 | Orc:4    | Escaped Pandemonium
137704 | Temple   | Fell from the grace of the Shining One
137704 | Temple   | Became a worshipper of Zin the Law-Giver
137704 | Temple   | Reached * piety under Zin
137704 | Temple   | Reached ** piety under Zin
137704 | Temple   | Reached *** piety under Zin
137704 | Temple   | Reached **** piety under Zin
138112 | Pan      | Entered Pandemonium
138132 | Pan      | Noticed Gehez the pandemonium lord
138158 | Pan      | Found an exit through the horrors of the Abyss.
138167 | Pan      | Took an exit into the Abyss.
138167 | Abyss:1  | Escaped into the Abyss
138171 | Orc:4    | Escaped the Abyss
138571 | Depths:3 | Voluntarily entered the Abyss.
138607 | Abyss:1  | Reached ***** piety under Zin
139019 | Abyss:1  | Found a corrupted altar of Lugonu.
139580 | Abyss:1  | Found a blossoming altar of Fedhas.
139728 | Abyss:1  | Reached ****** piety under Zin
139905 | Depths:3 | Escaped the Abyss
139909 | Depths:3 | Received a gift from Zin
139909 | Depths:3 | Lost mutation: You have an uncontrollable temper. [Zin's power]
139909 | Depths:3 | Lost mutation: You often lose your temper in combat. [Zin's power]
139909 | Depths:3 | Lost mutation: You tend to lose your temper in combat. [Zin's power]
139909 | Depths:3 | Lost mutation: Scrolls take you much longer to read. [Zin's power]
139909 | Depths:3 | Lost mutation: Scrolls take you longer to read. [Zin's power]
139909 | Depths:3 | Lost mutation: Scrolls take you a little longer to read. [Zin's power]
139909 | Depths:3 | Lost mutation: You are very clumsy. (Dex -4) [Zin's power]
139909 | Depths:3 | Lost mutation: You are clumsy. (Dex -2) [Zin's power]
139909 | Depths:3 | Lost mutation: Armour fits poorly on your strangely shaped body. [Zin's power]
139909 | Depths:3 | Lost mutation: Your body often deteriorates upon taking damage. [Zin's power]
139909 | Depths:3 | Lost mutation: Your body sometimes deteriorates upon taking damage. [Zin's power]
139909 | Depths:3 | Lost mutation: You are very dopey. (Int -4) [Zin's power]
139909 | Depths:3 | Lost mutation: You are dopey. (Int -2) [Zin's power]
139909 | Depths:3 | Lost mutation: You are extremely frail (-30% HP). [Zin's power]
139909 | Depths:3 | Lost mutation: You are very frail (-20% HP). [Zin's power]
139909 | Depths:3 | Lost mutation: You are frail (-10% HP). [Zin's power]
139909 | Depths:3 | Lost mutation: Your magical capacity is extremely low (-30% MP). [Zin's power]
139909 | Depths:3 | Lost mutation: Your magical capacity is very low (-20% MP). [Zin's power]
139909 | Depths:3 | Lost mutation: Your magical capacity is low (-10% MP). [Zin's power]
139909 | Depths:3 | Lost mutation: You frequently scream uncontrollably at your foes. [Zin's power]
139909 | Depths:3 | Lost mutation: You sometimes yell uncontrollably at your foes. [Zin's power]
139909 | Depths:3 | Lost mutation: You occasionally shout uncontrollably at your foes. [Zin's power]
139909 | Depths:3 | Lost mutation: You are often teleported next to monsters. [Zin's power]
139909 | Depths:3 | Lost mutation: You are sometimes teleported next to monsters. [Zin's power]
139909 | Depths:3 | Lost mutation: You are occasionally teleported next to monsters. [Zin's power]
139909 | Depths:3 | Lost mutation: You are very weak. (Str -4) [Zin's power]
139909 | Depths:3 | Lost mutation: You are weak. (Str -2) [Zin's power]
139909 | Depths:3 | Lost mutation: Potions and wands are poor at restoring your health. [Zin's power]
139909 | Depths:3 | Lost mutation: Potions and wands are less effective at restoring your health. [Zin's power]
139909 | Depths:3 | Lost mutation: Your spells are much easier to cast, but much less powerful. [Zin's power]
139909 | Depths:3 | Lost mutation: Your spells are easier to cast, but less powerful. [Zin's power]
139909 | Depths:3 | Lost mutation: Your spells are a little easier to cast, but a little less powerful. [Zin's power]
139909 | Depths:3 | Lost mutation: You expend magic power (3 MP) to strengthen your wands. [Zin's power]
140210 | Swamp:2  | Fell from the grace of Zin
140210 | Swamp:2  | Became a worshipper of the Shining One
140214 | Swamp:2  | Gained mutation: You can translocate small distances at will. [potion of beneficial mutation]
140215 | Swamp:2  | Gained mutation: You are partially covered in slimy green scales (AC +2). [potion of beneficial mutation]
140457 | Hell     | Entered the Vestibule of Hell
140462 | Hell     | Noticed Geryon
140516 | Hell     | Killed Geryon
140567 | Hell     | Found a gateway to the Iron City of Dis.
140697 | Hell     | Found a gateway to the ashen valley of Gehenna.
140824 | Hell     | Found a gateway to the decaying netherworld of Tartarus.
140917 | Hell     | Found a gateway to the freezing wastes of Cocytus.
141095 | Geh:1    | Entered Level 1 of Gehenna
144735 | Geh:7    | Entered Level 7 of Gehenna
145265 | Geh:7    | Noticed Asmodeus
145283 | Geh:7    | Killed Asmodeus
145305 | Geh:7    | Identified Gihu's Almanac of Conjuration
145379 | Geh:7    | Got an obsidian rune of Zot
145389 | Geh:7    | Got a clouded pewter ring
145397 | Geh:7    | Identified the ring of Narisac {rN+ Str+4} (You found it on level 7 of Gehenna)
145412 | Geh:7    | Got a slimy plate armour
145413 | Geh:7    | Identified the +9 plate armour of Kyic {Dex+7} (You found it on level 7 of Gehenna)
145423 | Geh:7    | Learned a level 4 spell: Passage of Golubria
145501 | Geh:7    | Gained mutation: Scrolls take you a little longer to read. [mutagenic glow]
145525 | Geh:7    | Gained mutation: Scrolls take you longer to read. [mutagenic glow]
145769 | Coc:1    | Entered Level 1 of Cocytus
145793 | Coc:1    | You are sucked into a shaft!
146765 | Coc:7    | Entered Level 7 of Cocytus
147399 | Coc:7    | Got a translucent pewter amulet
147409 | Coc:7    | Identified the amulet of Dior {Clar rF+ rN++ MR+} (You took it off a skeletal warrior on level 7 of Cocytus)
147811 | Coc:7    | Noticed Antaeus
148125 | Coc:7    | Killed Antaeus
148155 | Coc:7    | Got an icy rune of Zot
148166 | Coc:7    | Identified the Grimoire of Execration (You found it on level 7 of Cocytus)
148169 | Coc:7    | Identified the Reference Book on Quantum Transmutation
148296 | Coc:7    | Learned a level 5 spell: Phase Shift
148434 | Dis:1    | Entered Level 1 of the Iron City of Dis
149077 | Dis:4    | Reached skill level 27 in Dodging
149575 | Dis:6    | Reached skill level 10 in Evocations
150341 | Dis:7    | Entered Level 7 of the Iron City of Dis
150804 | Dis:7    | Noticed the Serpent of Hell
151050 | Dis:7    | Got a pair of slimy boots
151053 | Dis:7    | Identified the +1 pair of boots of Syurorch {Stlth+} (You found it on level 7 of the Iron City of Dis)
151150 | Dis:7    | Killed the Serpent of Hell
151170 | Dis:7    | Noticed Dispater
151217 | Dis:7    | Killed Dispater
151243 | Dis:7    | Got an iron rune of Zot
151427 | Tar:1    | Entered Level 1 of Tartarus
151434 | Tar:1    | Reached skill level 15 in Evocations
152058 | Tar:7    | Entered Level 7 of Tartarus
152734 | Tar:7    | Noticed Ereshkigal
152764 | Tar:7    | Killed Ereshkigal
152804 | Tar:7    | Got a bone rune of Zot
152855 | Tar:7    | Gained mutation: Scrolls take you much longer to read. [mutagenic glow]
153575 | Tomb:1   | Entered Level 1 of the Tomb of the Ancients
153577 | Tomb:1   | Lost mutation: Scrolls take you much longer to read. [potion of cure mutation]
153577 | Tomb:1   | Lost mutation: Scrolls take you longer to read. [potion of cure mutation]
153577 | Tomb:1   | Lost mutation: Scrolls take you a little longer to read. [potion of cure mutation]
153577 | Tomb:1   | Lost mutation: You can translocate small distances at will. [potion of cure mutation]
154421 | Tomb:2   | Noticed an ancient lich
154442 | Tomb:2   | Killed an ancient lich
156453 | Tomb:3   | Entered Level 3 of the Tomb of the Ancients
156476 | Tomb:3   | Noticed an ancient lich
156496 | Tomb:2   | Killed an ancient lich
156756 | Tomb:3   | Got a transparent plate armour
156757 | Tomb:3   | Identified the cursed +0 plate armour of Free Will {rC++ Dex+7 Slay+3} (You found it on level 3 of the Tomb of the Ancients)
156817 | Tomb:3   | Identified the Almanac of Ashen Transmigration
156824 | Tomb:3   | Got a bound tin ring
156825 | Tomb:3   | Identified the ring "Icwe" {AC+2 Str+3} (You found it on level 3 of the Tomb of the Ancients)
156844 | Tomb:3   | Got a crystal great mace
156845 | Tomb:3   | Identified the +9 great mace of the Vulture {crush, *Noise rN++ MR+ Str+2} (You found it on level 3 of the Tomb of the Ancients)
156981 | Tomb:3   | Got a golden rune of Zot
158868 | Zot:5    | Entered Level 5 of the Realm of Zot
159198 | Zot:5    | Noticed an ancient lich
159207 | Zot:5    | Killed an ancient lich
159246 | Zot:5    | Noticed an orb of fire
159279 | Zot:5    | Gained mutation: Your magical capacity is low (-10% MP). [an orb of fire]
159285 | Zot:5    | Gained mutation: Scrolls take you a little longer to read. [an orb of fire]
159287 | Zot:5    | Gained mutation: You are clumsy. (Dex -2) [an orb of fire]
159289 | Zot:5    | Killed an orb of fire
159356 | Zot:5    | Noticed an ancient lich
159364 | Zot:5    | Killed an ancient lich
159408 | Zot:5    | Gained mutation: You tend to lose your temper in combat. [mutagenic glow]
159409 | Zot:5    | Lost mutation: Your magical capacity is low (-10% MP). [potion of cure mutation]
159409 | Zot:5    | Lost mutation: Scrolls take you a little longer to read. [potion of cure mutation]
159409 | Zot:5    | Lost mutation: You tend to lose your temper in combat. [potion of cure mutation]
159409 | Zot:5    | Lost mutation: You are clumsy. (Dex -2) [potion of cure mutation]
159438 | Zot:5    | Noticed an orb of fire
159455 | Zot:5    | Gained mutation: Your body sometimes deteriorates upon taking damage. [an orb of fire]
159491 | Zot:5    | Killed an orb of fire
160098 | Zot:5    | Noticed an ancient lich
160107 | Zot:5    | Killed an ancient lich
160173 | Zot:5    | Noticed an orb of fire
160193 | Zot:5    | Killed an orb of fire
160297 | Zot:5    | Got the Orb of Zot
160494 | Depths:4 | Noticed Wufesaan the pandemonium lord
160774 | D:9      | Noticed a seraph
160818 | D:5      | Gained mutation: You are occasionally teleported next to monsters. [mutagenic glow]
160885 | D:1      | Noticed Hitun the pandemonium lord
160888 | D:1      | Gained mutation: Your magical capacity is low (-10% MP). [mutagenic glow]
160907 | D:$      | Escaped with the Orb!

Action                   |  1- 3 |  4- 6 |  7- 9 | 10-12 | 13-15 | 16-18 | 19-21 | 22-24 | 25-27 || total
-------------------------+-------+-------+-------+-------+-------+-------+-------+-------+-------++-------
Melee: War axe           |   136 |   242 |   288 |       |       |       |       |       |       ||   666
       Mace              |       |       |   122 |   903 |  3085 |  3590 |  2252 |       |       ||  9952
       Demon whip        |       |       |       |       |       |       |   453 |  3334 |  8387 || 12174
       Eveningstar       |       |       |       |       |       |       |       |       | 12679 || 12679
       Morningstar       |       |       |       |       |       |       |       |       |  1599 ||  1599
 Cast: Blink             |       |       |       |       |       |       |     2 |       |     5 ||     7
       Haste             |       |       |       |       |       |       |       |       |    60 ||    60
       Controlled Blink  |       |       |       |       |       |       |       |       |     6 ||     6
       Phase Shift       |       |       |       |       |       |       |       |       |     5 ||     5
       Swiftness         |       |       |       |       |       |       |       |       |     4 ||     4
       Repel Missiles    |       |       |       |       |       |       |       |       |     3 ||     3
       Spectral Weapon   |       |       |       |       |       |       |       |       |     2 ||     2
       Apportation       |       |       |       |       |       |       |       |       |     1 ||     1
       Shroud of Golubri |       |       |       |       |       |       |       |       |     1 ||     1
       Song of Slaying   |       |       |       |       |       |       |       |       |     1 ||     1
Invok: Lesser Servant of |       |       |       |       |    63 |    62 |    36 |    10 |     7 ||   178
       Cleansing Flame   |       |       |       |       |       |       |       |       |   261 ||   261
       Summon Divine War |       |       |       |       |       |       |       |       |     3 ||     3
       Divine Shield     |       |       |       |       |       |       |       |       |     2 ||     2
       Cure All Mutation |       |       |       |       |       |       |       |       |     1 ||     1
       Donate Gold       |       |       |       |       |       |       |       |       |     1 ||     1
       Brand Weapon With |       |       |       |       |       |       |       |       |     1 ||     1
 Abil: Fly               |       |       |       |       |     2 |     2 |     1 |     1 |     8 ||    14
       Stop Flying       |       |       |       |       |     1 |       |     1 |     2 |     5 ||     9
       Evoke Invisibilit |       |       |       |       |       |       |       |     4 |     5 ||     9
       Turn Visible      |       |       |       |       |       |       |       |       |     1 ||     1
Evoke: Wand              |       |       |       |    10 |     2 |       |     2 |       |    15 ||    29
       Deck              |       |       |       |       |     1 |     1 |     9 |       |    10 ||    21
       Disc of storms    |       |       |       |       |       |       |    22 |       |    42 ||    64
  Use: Scroll            |       |     7 |     4 |    12 |    17 |     6 |    27 |     2 |   133 ||   208
       Potion            |       |     6 |     3 |     1 |     1 |     2 |     1 |       |    55 ||    69
 Stab: Sleeping          |       |       |       |     2 |       |       |       |       |       ||     2
       Distracted        |       |       |       |       |     8 |    12 |     7 |     5 |     5 ||    37
       Confused          |       |       |       |       |       |     5 |       |       |     2 ||     7
       Invisible         |       |       |       |       |       |       |       |       |    10 ||    10
       Paralysed         |       |       |       |       |       |       |       |       |     5 ||     5
       Petrifying        |       |       |       |       |       |       |       |       |     3 ||     3
       Petrified         |       |       |       |       |       |       |       |       |     1 ||     1
  Eat: Chunk             |       |     8 |     9 |    23 |    49 |    41 |    40 |    37 |   387 ||   594
       Pizza             |       |       |     1 |       |     1 |     2 |       |     1 |    16 ||    21
       Bread ration      |       |       |     1 |       |       |       |       |       |    23 ||    24
       Fruit             |       |       |     1 |       |     9 |     4 |     1 |     2 |    47 ||    64
       Beef jerky        |       |       |       |       |       |     1 |       |       |    33 ||    34
       Royal jelly       |       |       |       |       |       |       |       |       |    24 ||    24
